 Dungeon Crawl Stone Soup version 0.18-a0-1060-g4fac74f (webtiles) character file.

817873 4thArraOfDagon the Black Crusader (level 27, -6/212 HPs)
             Began as a Centaur Air Elementalist on Jan 10, 2016.
             Was a Priest of Yredelemnul.
             Mangled by an Executioner (20 damage)
             ... in Pandemonium on Jan 12, 2016.
             The game lasted 08:42:00 (51951 turns).

4thArraOfDagon the Black Crusader (CeAE)           Turns: 51951, Time: 08:42:01

Health: -6/212     AC: 31    Str: 10      XL:     27
Magic:  46/50      EV: 15    Int: 40      God:    Yredelemnul [***...]
Gold:   1233       SH:  0    Dex: 16 (18) Spells: 11 memorised, 9 levels left

rFire  + . .     SeeInvis .     b - +9 bardiche (vamp)
rCold  + + .     Gourm    .     M - +0 ring mail "Yziovy" {rElec rCorr Str-3 Int+9}
rNeg   + + .     Faith    .     (shield currently unavailable)
rPois  +         Spirit   .     I - +3 hat of Pondering {ponderous, MR+ MP+10 Int+5}
rElec  +         Dismiss  .     A - +2 cloak {rC+}
rCorr  +         Reflect  .     e - +0 pair of gloves of Dotseg {rN+}
SustAt .         Harm     .     G - +4 centaur barding {rC+}
MR     ++++.     Rnd*Rage +     n - amulet of Uxuow {MPRegen MR+ Int+3}
Stlth  ..........               v - ring "Qotho" {rElec rPois rF+ Dex+2 Stlth-}
                                L - ring "Hofures" {rN+ Int+4 Slay+6}

@: regenerating, repel missiles, quick, incredibly resistant to hostile
enchantments, extremely unstealthy
A: hooves 3, horns 1, slimy green scales 1, yellow scales 1, agile 1, berserk 1,
blink, blurry vision 1, deformed body, deterioration 1, dopey 1, speed 2, frail
1, mutation resistance 1, tough skin 3, sturdy frame 1
a: Blink, Recall Undead Slaves, Injury Mirror, Animate Dead, Renounce Religion
}: 8/15 runes: barnacled, slimy, silver, golden, abyssal, demonic, fiery,
gossamer


You were in Pandemonium.
You worshipped Yredelemnul.
Yredelemnul was most pleased with you.
You were full.

You visited 13 branches of the dungeon, and saw 64 of its levels.
You visited Pandemonium 2 times, and saw 21 of its levels.
You visited the Abyss 7 times.
You visited 1 bazaar.
You visited 1 ziggurat, and saw 7 of its levels.
You also visited: Labyrinth, Sewer, Ice Cave and Volcano.

You collected 6946 gold pieces.
You spent 5713 gold pieces at shops.

Inventory:

Hand Weapons
 b - a +9 vampiric bardiche (weapon)
Missiles
 f - 10 throwing nets (quivered)
Armour
 e - the +0 pair of gloves of Dotseg (worn) {rN+}
   (You found it on level 1 of the Depths)

   It protects you from negative energy.
 A - a +2 cloak of cold resistance (worn)
 G - a +4 centaur barding of cold resistance (worn)
 I - the +3 hat of Pondering (worn) {ponderous, MR+ MP+10 Int+5}
   (You found it in a labyrinth)

   It affects your intelligence (+5).
   It affects your resistance to hostile enchantments.
   It affects your magic capacity (+10).
 M - the +0 ring mail "Yziovy" (worn) {rElec rCorr Str-3 Int+9}
   (You bought it in a shop in a bazaar)

   It affects your strength (-3).
   It affects your intelligence (+9).
   It insulates you from electricity.
   It protects you from acid and corrosion.
Jewellery
 n - the amulet of Uxuow (around neck) {MPRegen MR+ Int+3}
   (You took it off a deep elf high priest on level 3 of the Elven Halls)

   [amulet of magic regeneration]

   It increases your magic regeneration.
   It affects your intelligence (+3).
   It affects your resistance to hostile enchantments.
 v - the ring "Qotho" (right hand) {rElec rPois rF+ Dex+2 Stlth-}
   (You found it on level 3 of the Tomb of the Ancients)

   [ring of dexterity]

   It affects your dexterity (+2).
   It protects you from fire.
   It insulates you from electricity.
   It protects you from poison.
   It makes you less stealthy.
 C - the ring of Shadows {Umbra +Inv rN+ SInv}
   (You found it on level 3 of the Elven Halls)

   [ring of positive energy]

   It protects you from negative energy.
   It lets you see invisible.
   It lets you turn invisible.
 D - the ring of the Scavenger {rC++ rN+ Str+3}
   (You found it on level 3 of the Crypt)

   [ring of positive energy]

   It affects your strength (+3).
   It greatly protects you from cold.
   It protects you from negative energy.
 L - the ring "Hofures" (left hand) {rN+ Int+4 Slay+6}
   (You found it on level 3 of the Crypt)

   [ring of positive energy]

   It affects your intelligence (+4).
   It affects your accuracy and damage with ranged weapons and melee attacks
   (+6).
   It protects you from negative energy.
 U - the ring of Umoacil {rPois rN+ MP+9 Int+8}
   (You found it on level 3 of the Crypt)

   [ring of positive energy]

   It affects your intelligence (+8).
   It protects you from poison.
   It protects you from negative energy.
   It affects your magic capacity (+9).
 Z - an uncursed ring of teleportation
Wands
 a - a wand of digging (10/24)
 g - a wand of teleportation (4/9)
 j - a wand of cold (3/15)
 x - a wand of teleportation (0/9)
 Q - a wand of teleportation (6/9)
 R - a wand of teleportation (5/9)
 V - a wand of disintegration (3/24)
Scrolls
 r - 14 scrolls of fog
 s - 17 scrolls of remove curse
 u - 4 scrolls of teleportation
 w - 2 scrolls of blinking
 y - 6 scrolls of summoning
 E - 8 scrolls of recharging
 N - 8 scrolls of magic mapping
 S - 4 scrolls of silence
 T - 5 scrolls of identify
Potions
 d - a potion of agility
 h - 2 potions of heal wounds
 k - 7 potions of brilliance
 l - 3 potions of berserk rage
 o - 7 potions of might
 p - 8 potions of magic
 q - 11 potions of curing
 H - 3 potions of cancellation
 J - 9 potions of haste
 K - 3 potions of cure mutation
 O - 10 potions of ambrosia
 Y - 3 potions of resistance
Miscellaneous
 i - a box of beasts {used: 7}
 m - a legendary deck of defence {Famine}
 t - a figurine of a ziggurat
 z - a piece from Xom's chessboard
 B - 2 phantom mirrors
 F - a lamp of fire
 P - a fan of gales (inert)
 W - a phial of floods
Comestibles
 c - 33 bread rations


   Skills:
 - Level 17.3 Fighting
 - Level 22.0 Polearms
 - Level 13.1 Armour
 - Level 15.1 Dodging
 - Level 1.2 Stealth
 + Level 9.3 Spellcasting
 - Level 3.1 Conjurations
 - Level 3.1 Hexes
 - Level 3.0 Charms
 - Level 3.0 Necromancy
 * Level 14.4 Translocations
 - Level 4.4 Air Magic
 O Level 27 Invocations
 - Level 7.5 Evocations


You had 9 spell levels left.
You knew the following spells:

 Your Spells              Type           Power        Failure   Level  Hunger
a - Regeneration          Chrm/Necr      #####.....   2%          3    None
b - Repel Missiles        Chrm/Air       #####.       1%          2    None
c - Swiftness             Chrm/Air       #####...     1%          2    None
d - Stoneskin             Trmt/Erth      ###.....     4%          2    None
e - Apportation           Tloc           #######...   0%          1    None
f - Spectral Weapon       Hex/Chrm       #####...     2%          3    None
g - Conjure Flame         Conj/Fire      ####....     6%          3    None
h - Iron Shot             Conj/Erth      ####......   99%         6    ####...
i - Controlled Blink      Tloc           N/A          54%         8    #######
j - Cure Poison           Pois           ###.......   4%          2    None
k - Tukima's Dance        Hex            #####...     1%          3    None


Dungeon Overview and Level Annotations

Branches:
Dungeon (15/15)            Temple (1/1) D:5            Lair (8/8) D:11
 Shoals (4/4) Lair:6       Spider (4/4) Lair:3        Slime (6/6) Lair:6
    Orc (2/2) D:9             Elf (3/3) Orc:2        Vaults (5/5) D:14
  Crypt (3/3) Vaults:3       Tomb (3/3) Crypt:3      Depths (5/5) D:15
    Zot (5/5) Depths:5

Altars:
Ashenzari
Cheibriados
Elyvilon
Fedhas
Kikubaaqudgha
Makhleb
Nemelex Xobeh
Okawaru
Pakellas
Qazlal
Ru
Trog
Vehumet
Xom
Yredelemnul
Zin
The Shining One
Jiyva

Shops:
D:7 *   D:15 (   Orc:2 :*}(   Shoals:2 %   Vaults:4 *%%   Vaults:5 ?%%!!%!?
Depths:3 :   Depths:5 :

Portals:
Hell: Depths:1 Depths:2 Depths:4 Depths:5
Abyss: Depths:4
Pandemonium: Depths:3

Annotations:
D:3 THICKCHOCOELFTHIGHS's ghost, amateur DEAE
D:8 Erolcha
Lair:3 totalnoob's ghost, journeyman DsFi
Lair:6 exclusion: upstairs
Vaults:2 CRPYT
Depths:1 1 exclusion
Depths:3 ZIGUT
Zot:5 1 exclusion
Pan Cerebov


Innate Abilities, Weirdness & Mutations

You have hooves in place of feet.
Armour fits poorly on your strangely shaped body.
You cover ground very quickly.
You have extremely tough skin (AC +3).
You have a pair of small horns on your head.
You are partially covered in slimy green scales (AC +2).
You are partially covered in yellow scales (AC +2).
You are agile. (Dex +2)
You tend to lose your temper in combat.
You can translocate small distances at will.
Scrolls take you a little longer to read.
Your body sometimes deteriorates upon taking damage.
You are dopey. (Int -2)
You are frail (-10% HP).
You are somewhat resistant to further mutation.
Your movements are slightly less encumbered by armour (ER -2).


Message History

The Executioner hits you!
* * * LOW HITPOINT WARNING * * *
The Executioner hits you but does no damage. x2
Unknown command.
Unknown command.
Drink which item? (? for menu, Esc to quit)
Okay, then.
Evoke which item? (* to show all) (? for menu, Esc to quit)
Okay, then.
Read which item? (? for menu, Esc to quit)
Okay, then.
Drink which item? (? for menu, Esc to quit)
You feel much better. The Executioner hits you!
* * * LOW HITPOINT WARNING * * *
The Executioner hits you.
* * * LOW HITPOINT WARNING * * *
The Executioner hits you but does no damage.
The Executioner hits you!!
You die...
Your body rises from the dead as a mindless zombie.

.... ....
.... ....
..# .# .#
# ########
# #.H(@1.#
#
#...####.#
# #.# #.#
# #.# ...
#.# #.#
#.#


You could see an Executioner, a friendly juvenile oxfire beast and a friendly
spectral vampiric bardiche.

Vanquished Creatures
  the Royal Jelly (Slime:6)
  4 ancient liches
  Mennas (Depths:1)
  3 pandemonium lords (Pan)
  4 greater mummies (Tomb:2)
  Norris (D:14)
  3 golden dragons
  the Enchantress (Depths:2)
  12 liches
  6 bone dragons
  4 Brimstone Fiends (Pan)
  Rupert (Lair:5)
  2 Hell Sentinels (Abyss:1)
  9 tentacled monstrosities
  2 Orb Guardians (Zot:5)
  3 Ice Fiends
  3 titans
  A quicksilver dragon (Vaults:5)
  2 deep elf master archers (Elf:3)
  A deep elf blademaster (Elf:3)
  14 acid blobs
  An Executioner (Pan)
  A death cob (Zot:2)
  13 tentacled starspawn
  5 sphinxes
  4 shadow dragons
  2 ancient champions
  5 tengu reavers
  3 draconian monks
  6 storm dragons
  4 revenants
  3 daevas
  10 azure jellies
  3 draconian knights
  Donald (D:14)
  8 fire giants
  A draconian scorcher (Zig:6)
  5 deep elf sorcerers
  A ghost moth (Zot:5)
  3 emperor scorpions (Spider:4)
  3 cacodemons
  An iron dragon (Vaults:5)
  11 balrugs (Pan)
  14 vault wardens
  A ghoul (Crypt:1)
  4 frost giants
  2 curse skulls
  2 warmongers (Pan)
  3 angels (Depths:1)
  2 draconian shifters (Depths:5)
  Maud (D:11)
  2 spriggan defenders (Depths:4)
  A draconian zealot (Zot:1)
  A draconian annihilator (Zig:6)
  12 reapers
  5 deep elf elementalists
  A stone giant (shapeshifter) (Zig:7)
  16 ironheart preservers
  2 spark wasps
  4 war gargoyles
  11 stone giants
  15 very ugly things
  2 green draconians
  3 draconian callers
  A salamander stormcaller (Vaults:4)
  An ophan (Abyss:3)
  6 blood saints (Pan)
  6 vampire knights
  8 deep elf demonologists
  8 deep elf annihilators
  4 white draconians
  5 black draconians
  5 chaos champions
  6 red draconians
  2 mottled draconians
  A purple draconian (Abyss:3)
  3 lorocyprocas
  3 yellow draconians
  2 bennus (Tomb:2)
  2 black suns (Pan)
  3 corrupters (Pan)
  An eidolon (Crypt:3)
  A merfolk javelineer (Shoals:4)
  2 merfolk impalers
  34 vault guards
  A crystal guardian (Vaults:4)
  2 green deaths (Pan)
  A very ugly thing zombie (Abyss:1)
  8 death oozes
  5 deep elf death magi
  7 blizzard demons
  14 ettins
  11 fire dragons
  5 deep elf high priests
  5 jiangshi
  13 yaktaur captains
  2 quicksilver dragon zombies
  An entropy weaver (Depths:2)
  6 mummy priests
  8 rakshasas
  3 ice dragons
  A quicksilver dragon skeleton (Vaults:4)
  A hydra (shapeshifter) (Depths:4)
  Harold (Lair:3)
  10 great orbs of eyes
  7 centaur warriors
  6 hydras
  4 hell beasts
  A catoblepas (D:13)
  6 monstrous demonspawn (Pan)
  4 death yaks (Lair:6)
  A death knight (D:15)
  13 ogre magi
  An alligator snapping turtle (shapeshifter) (Zig:7)
  An anaconda (Lair:8)
  2 merfolk aquamancers
  3 deep troll shamans
  A hell hog (Abyss:1)
  2 tengu warriors
  A vampire mage (Crypt:1)
  20 thrashing horrors
  3 orc high priests (Orc:2)
  4 dancing weapons
  3 deep troll earth magi
  2 spriggan berserkers
  2 shock serpents (shapeshifter)
  12 soul eaters
  18 sun demons
  9 deep elf knights
  A fire crab (Vaults:1)
  A storm dragon zombie (Vaults:4)
  22 wretched stars
  6 spatial maelstroms
  2 iron trolls (Depths:2)
  14 shadow wraiths
  16 skeletal warriors
  4 cherubim (Depths:1)
  8 infernal demonspawn (Pan)
  An anaconda zombie (Crypt:3)
  A storm dragon skeleton (Abyss:1)
  2 shadow demons
  16 deep trolls
  3 sea snakes
  3 gelid demonspawn (Pan)
  6 flayed ghosts
  4 unseen horrors
  5 torturous demonspawn (Pan)
  21 death scarabs
  7 giant orange brains
  A deep troll (shapeshifter) (Vaults:3)
  5 hill giants
  A giant orange brain (shapeshifter) (Vaults:1)
  12 ironbrand convokers
  10 deep elf archers
  3 putrid demonspawn (Pan)
  22 phantasmal warriors
  A wizard (Depths:2)
  3 necromancers
  10 anubis guards
  2 swamp dragons (Zig:4)
  3 orb spiders
  4 lindwurms (Lair:6)
  10 orc knights
  28 deep elf magi
  45 ugly things
  A shadow dragon skeleton (Crypt:3)
  5 harpies
  A spectral fire dragon (Crypt:3)
  3 fauns
  4 orc sorcerers
  4 worldbinders
  12 sixfirhies
  A frost giant zombie (Crypt:3)
  5 wolf spiders
  5 manticores
  9 hornets
  A water nymph (Shoals:4)
  A shining eye (Slime:6)
  9 griffons
  8 cyclopes
  8 moths of wrath
  An elf zombie (Zig:5)
  2 naga magi (D:15)
  2 black mambas (shapeshifter)
  11 elephants (Lair:8)
  16 vault sentinels
  A rust devil (Zig:5)
  2 sirens (Shoals:4)
  5 black mambas
  7 apocalypse crabs
  25 smoke demons
  A guardian serpent (Abyss:1)
  A centaur zombie (D:13)
  37 starcursed masses
  8 orange demons
  A gargoyle (D:13)
  An elephant slug zombie (Crypt:2)
  2 torpor snails (shapeshifter)
  3 eyes of devastation
  7 centaur skeletons
  6 spiny frogs
  A grey draconian zombie (Crypt:3)
  4 hellions
  2 kobold demonologists (D:15)
  8 efreet
  A white draconian zombie (Crypt:2)
  3 anaconda simulacra (IceCv)
  42 yaktaurs
  3 komodo dragons
  10 demonic crawlers
  A golden dragon simulacrum (IceCv)
  4 fire drakes
  11 ancient zymes
  15 guardian mummies
  4 hellwings
  A jumping spider (shapeshifter) (Vaults:2)
  5 tormentors
  7 ice devils
  A mottled draconian skeleton (Crypt:1)
  A spectral harpy (Crypt:3)
  A polar bear (shapeshifter) (Vaults:5)
  12 red devils (Pan)
  11 merfolk
  6 trolls
  A silent spectre (Abyss:2)
  A polar bear (Lair:5)
  3 wind drakes
  18 freezing wraiths
  A harpy skeleton (Crypt:3)
  6 jumping spiders
  Grinder (D:5)
  A fire dragon zombie (Abyss:1)
  94 slime creatures
  16 raiju
  2 ettin zombies
  2 bog bodies (Zig:4)
  3 snapping turtles
  A tengu simulacrum (Depths:2)
  6 ushabtiu
  12 blink frogs
  5 boulder beetles
  31 two-headed ogres
  A stone giant simulacrum (Vaults:3)
  18 flying skulls
  4 spriggans
  An alligator skeleton (Abyss:2)
  18 ynoxinuls
  2 air elementals (Elf:3)
  A redback (shapeshifter) (Zig:7)
  30 redbacks
  A tarantella (shapeshifter) (D:14)
  4 centaur simulacra
  11 wraiths
  2 water elementals
  2 fire giant simulacra
  3 wyverns
  A vampire (D:14)
  Sigmund (D:6)
  A yak (shapeshifter) (D:14)
  11 tarantellas
  6 shadows
  23 yaks
  5 fire bats
  A hog (shapeshifter) (Vaults:4)
  3 fire elementals
  14 humans (D:14)
  A death yak simulacrum (IceCv)
  6 basilisks
  7 neqoxecs
  8 hippogriffs
  7 golden eyes
  7 vampire mosquitoes (Vaults:2)
  A basilisk (shapeshifter) (Vaults:3)
  An emperor scorpion simulacrum (Abyss:2)
  2 mottled dragons (shapeshifter)
  A hippogriff (shapeshifter) (Depths:3)
  A steam dragon (Lair:4)
  19 chaos spawn
  An insubstantial wisp (Abyss:1)
  4 iron troll simulacra (IceCv)
  4 harpy simulacra (IceCv)
  5 mottled dragons
  A spectral snapping turtle (Crypt:3)
  2 spiny frog zombies (Crypt:3)
  2 wargs
  5 wolves (Lair:6)
  65 large abominations
  A human skeleton (Zig:2)
  6 hell hounds
  11 water moccasins
  A hornet simulacrum (D:15)
  3 hydra simulacra (IceCv)
  4 porcupines
  A swamp drake (D:10)
  27 orc warriors
  A black bear (Lair:3)
  2 wasps
  3 eyes of draining
  A phantom (D:13)
  An ice beast (Vaults:4)
  6 sky beasts
  A spiny frog skeleton (Crypt:3)
  51 ogres
  A tengu (shapeshifter) (Vaults:5)
  An elf skeleton (Vaults:4)
  15 boggarts
  6 centaurs
  8 crocodiles
  13 giant frogs
  4 big kobolds
  A gnoll sergeant (D:8)
  34 small abominations
  An earth elemental (Elf:3)
  A salamander skeleton (Crypt:1)
  A glowing shapeshifter simulacrum (Vaults:1)
  A vine stalker skeleton (Crypt:2)
  A wyvern skeleton (D:14)
  An elephant simulacrum (IceCv)
  13 killer bees
  12 wights
  An electric eel (Lair:8)
  4 lava snakes (Lab)
  12 crimson imps
  3 draconian simulacra (IceCv)
  A human zombie (Abyss:2)
  6 quasits
  5 hounds
  4 giant frog skeletons
  22 orc priests
  7 iron imps
  28 jellies
  20 orc wizards
  9 iguanas
  6 worker ants
  4 troll simulacra (IceCv)
  A wolf simulacrum (IceCv)
  7 sheep
  A tengu skeleton (Tomb:2)
  A hound zombie (D:11)
  15 mummies
  14 gnolls
  8 adders
  2 naga simulacra (IceCv)
  53 river rats
  5 shadow imps
  11 white imps
  7 ufetubi
  An ooze (D:3)
  2 adder zombies
  An adder skeleton (D:9)
  A worm (D:4)
  4 giant geckos (D:4)
  73 orcs
  7 bats
  4 giant cockroaches
  7 goblins
  4 hobgoblins
  3 jackals (D:6)
  4 quokkas
  5 ball pythons
  A giant gecko skeleton (D:4)
  5 giant newts
  A jackal zombie (D:8)
  10 kobolds
  A quokka skeleton (D:7)
  13 rats
  A rat skeleton (Crypt:3)
  A river rat skeleton (Crypt:2)
  2 crawling corpses (Vaults:5)
  3 fire vortices (Volcano)
  3 lurking horrors
  A plant (Lair:8)
  8 starspawn tentacles
2459 creatures vanquished.

Vanquished Creatures (collateral kills)
  Sojobo (Depths:4)
  6 greater mummies
  Boris (thrice) (Depths:3 Depths:4 Tomb:3)
  The ghost of Noname the Spry, a veteran OpAs of Ru (Depths:4)
  A pandemonium lord (Pan)
  Frederick (Depths:4)
  3 curse toes (Zot:2)
  A caustic shrike (Depths:4)
  4 golden dragons
  Jory (Depths:4)
  The ghost of nublet the Scorcher, an adept CeFE of Ashenzari (Vaults:5)
  2 liches
  6 tentacled monstrosities
  A deep elf blademaster (Elf:3)
  2 titans (Vaults:5)
  6 acid blobs
  An Orb Guardian (Zot:5)
  An ancient champion (Crypt:2)
  2 sphinxes (Tomb:1)
  2 death cobs (Zot:2)
  A tentacled starspawn (Abyss:1)
  5 storm dragons
  4 tengu reavers
  A revenant (Tomb:1)
  A draconian monk (Zot:2)
  A shadow dragon (Vaults:4)
  An azure jelly (Slime:3)
  2 fire giants
  3 daevas
  4 frost giants
  An angel (Depths:3)
  An iron dragon (Depths:4)
  2 draconian scorchers (Zot:2)
  A draconian shifter (Zot:5)
  A warmonger (Pan)
  2 ghost moths (Spider:4)
  3 draconian zealots
  3 vault wardens (Vaults:5)
  An emperor scorpion (shapeshifter) (Vaults:5)
  3 emperor scorpions (Spider:4)
  A curse skull (Crypt:3)
  4 spriggan defenders
  A reaper (Crypt:3)
  An ironheart preserver (Vaults:1)
  3 very ugly things
  A draconian annihilator (Zot:2)
  5 stone giants
  A war gargoyle (Vaults:5)
  A red draconian (Zot:1)
  3 black draconians
  4 vampire knights
  2 white draconians
  4 bennus (Tomb:2)
  2 green draconians (Zot:2)
  A lorocyproca (Pan)
  2 deep elf annihilators
  6 dire elephants (Lair:8)
  3 spark wasps
  2 purple draconians (Zot:2)
  2 yellow draconians
  3 death oozes (Slime:6)
  4 deep elf death magi
  4 merfolk javelineers
  An ettin (Depths:3)
  2 jiangshi
  3 vault guards (Vaults:4)
  4 fire dragons
  8 mummy priests
  A minotaur (Lab)
  6 merfolk impalers
  A deep elf high priest (Vaults:5)
  2 yaktaur captains (Vaults:4)
  3 great orbs of eyes
  2 entropy weavers
  A hydra (D:13)
  A spriggan air mage (Depths:3)
  3 rakshasas
  6 ice dragons
  An alligator snapping turtle (shapeshifter) (Vaults:5)
  The ghost of PinkishYellow the Unseen, a journeyman SpEn of Dithmenos (Lair:3)
  A centaur warrior (Depths:3)
  2 alligator snapping turtles
  A merfolk aquamancer (Shoals:4)
  6 merfolk avatars
  2 satyrs (Shoals:4)
  2 ogre magi
  A deep troll shaman (Depths:4)
  3 dancing weapons
  2 deep troll earth magi (Depths:4)
  An orc high priest (Orc:2)
  7 tengu warriors
  2 spriggan berserkers
  A thrashing horror (Abyss:1)
  6 vampire magi
  A sun demon (Pan)
  An iron troll (Depths:2)
  A soul eater (Pan)
  A storm dragon zombie (Crypt:2)
  A deep elf knight (Vaults:5)
  7 sea snakes
  7 shadow wraiths
  10 hell knights (Depths:4)
  16 death scarabs
  6 deep trolls
  2 cherubim (Depths:1)
  A giant orange brain (Depths:4)
  4 flayed ghosts
  A torturous demonspawn (Pan)
  5 harpies
  2 ironbrand convokers
  12 anubis guards
  3 griffons
  6 orb spiders (Spider:4)
  3 deep elf magi
  A wizard (Depths:2)
  A hill giant (D:14)
  5 phantasmal warriors
  A salamander (Depths:3)
  An orc sorcerer (Orc:2)
  3 wolf spiders
  A frost giant zombie (Tomb:3)
  3 shining eyes
  14 fauns
  5 ugly things (Depths:2)
  7 moths of wrath
  4 water nymphs
  3 cyclopes
  2 elephants (Lair:8)
  6 manticores
  An electric eel (Spider:4)
  2 black mambas
  6 sirens
  An eye of devastation (Slime:4)
  A naga mage (D:15)
  A shock serpent skeleton (Tomb:1)
  A centaur skeleton (D:14)
  4 spiny frogs
  2 komodo dragons
  7 yaktaurs
  A fire drake (Lair:6)
  5 freezing wraiths
  24 guardian mummies
  A red devil (Pan)
  A wind drake (Shoals:1)
  3 jumping spiders (Spider:4)
  10 merfolk
  A two-headed ogre (Depths:3)
  4 ushabtiu
  A boulder beetle (Lair:8)
  A raiju (shapeshifter) (Elf:1)
  4 blink frogs (Lair:8)
  A raiju (Abyss:3)
  40 slime creatures
  An air elemental (Depths:2)
  5 snapping turtles
  7 flying skulls
  2 shadows
  11 redbacks
  A spriggan (Depths:3)
  7 tarantellas
  A wraith (Crypt:1)
  A yak (shapeshifter) (Depths:4)
  2 humans (D:14)
  A fire bat (Depths:3)
  11 water elementals
  2 golden eyes (Slime:6)
  2 neqoxecs
  2 yaks
  5 hungry ghosts
  A hippogriff (Shoals:1)
  A fire bat (shapeshifter) (Depths:2)
  A chaos spawn (Zig:7)
  A vampire mosquito (Vaults:1)
  6 wolves
  A faun zombie (Shoals:4)
  3 water moccasins
  An orb spider zombie (Spider:4)
  A small abomination (Abyss:1)
  An orc warrior (Orc:2)
  2 wasps
  A spiny frog skeleton (Crypt:3)
  An ice beast (D:12)
  A black bear (shapeshifter) (Depths:3)
  A lindwurm zombie (Crypt:3)
  7 ogres
  A big kobold (D:15)
  5 crocodiles
  2 giant frogs
  A gnoll sergeant (D:8)
  A boulder beetle zombie (Crypt:3)
  A killer bee (D:13)
  A wight (Crypt:1)
  A raiju skeleton (Crypt:3)
  A crimson imp (D:12)
  9 jellies
  A hound (D:14)
  5 orc priests (Orc:2)
  3 orc wizards
  An iguana (Lair:5)
  6 sheep
  2 ogre zombies (Depths:1)
  A naga skeleton (Crypt:3)
  10 mummies
  A gnoll (D:8)
  16 river rats
  A shadow imp (Abyss:2)
  11 white imps (Shoals:3)
  A sheep zombie (Crypt:3)
  2 orcs
  2 kobolds
  A bush (D:15)
  A crawling corpse (Vaults:5)
  4 fungi
  19 plants
  A starspawn tentacle (Abyss:1)
703 creatures vanquished.

Vanquished Creatures (others)
  4 profane servitors
  A bone dragon (Slime:6)
  3 tengu reavers
  4 ghouls
  4 vampire knights
  A very ugly thing zombie (Depths:4)
  A quicksilver dragon zombie (Vaults:5)
  2 storm dragon zombies
  9 skeletal warriors
  A storm dragon skeleton (Zot:5)
  A golden dragon zombie (Zot:5)
  A ghost moth zombie (Zot:5)
  A titan skeleton (Vaults:5)
  3 spark wasp zombies
  12 death scarabs
  3 flayed ghosts
  A shadow dragon zombie (Vaults:4)
  2 wolf spider zombies (Spider:4)
  A golden dragon skeleton (Tomb:2)
  A gelid demonspawn (Pan)
  7 phantasmal warriors
  A stone giant zombie (Vaults:5)
  19 death scarab zombies
  A frost giant zombie (D:14)
  A hell hog zombie (Abyss:1)
  A fire giant zombie (Depths:2)
  A stone giant skeleton (Tomb:2)
  2 spriggan zombies (Depths:3)
  4 demonspawn zombies (Pan)
  An alligator snapping turtle zombie (Shoals:4)
  3 elf skeletons
  An emperor scorpion zombie (Spider:4)
  A sea snake zombie (Shoals:4)
  16 redback zombies
  A yaktaur skeleton (Vaults:4)
  2 ghoul skeletons (Shoals:4)
  A hydra zombie (Lair:6)
  A troll (D:15)
  2 harpy zombies
  An entropy weaver zombie (Spider:4)
  A jumping spider (Spider:4)
  A hornet zombie (Vaults:3)
  4 jumping spider zombies (Spider:4)
  4 tarantella zombies (Spider:4)
  A griffon zombie (Shoals:4)
  7 flying skulls
  2 ettin zombies
  A fire dragon zombie (Depths:2)
  A spriggan skeleton (Depths:5)
  2 black mamba zombies (Lair:6)
  3 ugly thing zombies (Depths:2)
  A shadow (D:15)
  A water elemental (Elf:3)
  A wind drake zombie (Shoals:1)
  2 fire dragon skeletons
  9 vampires
  2 small abominations
  An ice dragon skeleton (Depths:4)
  An ettin skeleton (Vaults:4)
  5 elf zombies
  A hill giant zombie (D:10)
  A chaos spawn (Zig:7)
  4 faun zombies (Shoals:4)
  3 putrid demonspawn zombies (Pan)
  2 tengu zombies
  A water nymph zombie (Shoals:3)
  A deep troll zombie (Depths:4)
  14 merfolk zombies
  4 orb spider zombies (Spider:4)
  2 snapping turtle zombies (Shoals:2)
  An ogre skeleton (Vaults:4)
  3 centaur zombies (D:15)
  2 elephant zombies (Lair:8)
  An anubis guard zombie (Tomb:2)
  An ettin simulacrum (Tomb:2)
  An ogre (Vaults:1)
  2 manticore zombies
  An orc skeleton (D:15)
  3 yaktaur zombies
  2 hell hound zombies
  3 water moccasin zombies
  A cyclops zombie (D:14)
  A hippogriff zombie (Shoals:4)
  A yak zombie (Lair:8)
  2 wights
  A basilisk zombie (Lair:8)
  A giant frog zombie (D:14)
  A wasp zombie (D:14)
  8 human zombies
  3 two-headed ogre zombies
  4 human skeletons
  An orc wizard (D:4)
  10 ogre zombies
  4 mummies
  A sheep zombie (Shoals:4)
  4 orc zombies
  3 kobold zombies (D:14)
  A fire vortex (Volcano)
  9 fungi
  3 lost souls (Crypt:3)
  2 lurking horrors
  5 plants
  116 spectral weapons
  33 starspawn tentacles
  228 starspawn tentacle segments
669 creatures vanquished.

Grand Total: 3831 creatures vanquished

Notes
Turn   | Place    | Note
--------------------------------------------------------------
     0 | D:1      | 4thArraOfDagon the Centaur Air Elementalist began the quest for the Orb.
     0 | D:1      | Reached XP level 1. HP: 14/14 MP: 3/3
    57 | D:1      | Reached skill level 1 in Conjurations
    58 | D:1      | mustwin
    58 | D:1      | nevermore
   214 | D:2      | Reached skill level 3 in Air Magic
   214 | D:2      | Reached XP level 2. HP: 20/20 MP: 4/4
   289 | D:2      | Learned a level 2 spell: Repel Missiles
   585 | D:3      | Reached XP level 3. HP: 24/26 MP: 0/5
   610 | D:3      | Learned a level 2 spell: Swiftness
   615 | D:3      | Noticed THICKCHOCOELFTHIGHS's ghost (amateur DEAE)
   720 | D:4      | Found a glowing silver altar of Zin.
   746 | D:5      | Entered Level 5 of the Dungeon
   962 | D:4      | Found a white marble altar of Elyvilon.
  1040 | D:4      | Noticed a sky beast
  1122 | D:4      | Noticed a phantom
  1212 | D:5      | Noticed Grinder
  1249 | D:5      | Killed Grinder
  1249 | D:5      | Reached skill level 4 in Air Magic
  1249 | D:5      | Reached XP level 4. HP: 11/33 MP: 0/7
  1249 | D:5      | Reached XP level 5. HP: 12/38 MP: 0/8
  1304 | D:5      | Learned a level 3 spell: Static Discharge
  1342 | D:5      | Reached skill level 1 in Polearms
  1342 | D:5      | Reached XP level 6. HP: 40/45 MP: 4/9
  1354 | D:5      | Found a staircase to the Ecumenical Temple.
  1395 | Temple   | Entered the Ecumenical Temple
  1407 | Temple   | Became a worshipper of Yredelemnul the Dark
  1449 | D:5      | Found a shimmering altar of Xom.
  1506 | D:4      | Found a glowing drain.
  1519 | Sewer    | Entered a sewer
  1767 | Sewer    | Reached * piety under Yredelemnul
  1783 | Sewer    | Noticed 4thArraOfDagon's ghost (weakling CeAE)
  2513 | D:4      | Reached skill level 1 in Fighting
  2514 | D:4      | Reached skill level 1 in Invocations
  2521 | D:4      | Reached XP level 7. HP: 35/52 MP: 3/10
  2598 | D:5      | Found a shattered altar of Ashenzari.
  2598 | D:5      | Found a sacrificial altar of Ru.
  2599 | D:5      | Found a snail-covered altar of Cheibriados.
  2710 | D:6      | Reached skill level 1 in Armour
  2819 | D:6      | Reached ** piety under Yredelemnul
  3056 | D:6      | Reached XP level 8. HP: 38/62 MP: 0/11
  3132 | D:7      | Learned a level 1 spell: Apportation
  3136 | D:7      | Found Megoaqid's Assorted Antiques.
  3167 | D:7      | Bought a scroll labeled ZUFO LIAHE for 23 gold pieces
  3167 | D:7      | Bought a scroll labeled KEURGH KYID for 23 gold pieces
  3167 | D:7      | Bought a smoky ruby potion for 20 gold pieces
  3167 | D:7      | Bought a runed halberd for 92 gold pieces
  3209 | D:7      | Found a sparkling altar of Nemelex Xobeh.
  3350 | D:7      | Reached skill level 5 in Polearms
  3418 | D:6      | Noticed Sigmund
  3434 | D:6      | Killed Sigmund
  3500 | D:7      | Found an oddly glowing altar of Pakellas.
  3565 | D:8      | Reached XP level 9. HP: 24/70 MP: 12/12
  3700 | D:8      | Noticed Erolcha
  3765 | D:8      | Reached *** piety under Yredelemnul
  3765 | D:8      | Reached skill level 6 in Polearms
  4075 | D:8      | Received a gift from Yredelemnul
  4365 | D:9      | Got a heavily runed pewter ring
  4366 | D:9      | Identified the ring "Menkihil" {EV+2 Str+2} (You found it on level 9 of the Dungeon)
  4507 | D:9      | Gained mutation: You are partially covered in yellow scales (AC +2). [potion of mutation]
  4507 | D:9      | Gained mutation: You are dopey. (Int -2) [potion of mutation]
  4507 | D:9      | Gained mutation: You have a pair of small horns on your head. [potion of mutation]
  4513 | D:9      | Found a staircase to the Orcish Mines.
  4596 | D:9      | Reached skill level 1 in Evocations
  4731 | D:10     | Entered Level 10 of the Dungeon
  4736 | D:10     | Noticed a troll
  4744 | D:10     | Killed a troll
  4744 | D:10     | Reached skill level 5 in Invocations
  4770 | D:10     | Reached skill level 7 in Polearms
  4824 | D:10     | Noticed a hill giant
  4873 | D:10     | Killed a hill giant
  4873 | D:10     | Reached XP level 10. HP: 54/80 MP: 12/14
  5198 | D:11     | Noticed a seven-headed hydra
  5279 | D:11     | Found a staircase to the Lair.
  5279 | D:11     | Noticed Maud
  5598 | D:10     | Noticed a hill giant
  5600 | D:10     | Got a fine cloak
  5630 | D:10     | Killed a hill giant
  5630 | D:10     | Reached skill level 5 in Fighting
  5650 | D:10     | Identified the cursed -4 cloak "Koff" {rPois Str+6} (You found it on level 10 of the Dungeon)
  5778 | D:12     | Noticed an eight-headed hydra
  5832 | D:12     | Reached skill level 8 in Polearms
  5847 | D:12     | Gained mutation: You tend to lose your temper in combat. [mutagenic meat]
  5848 | D:12     | Gained mutation: Your movements are slightly less encumbered by armour (ER -2). [mutagenic meat]
  5849 | D:12     | Gained mutation: Your body sometimes deteriorates upon taking damage. [mutagenic meat]
  5850 | D:12     | Gained mutation: You are agile. (Dex +2) [mutagenic meat]
  5892 | D:12     | Noticed a cyclops
  5919 | D:12     | Killed a cyclops
  5919 | D:12     | Reached **** piety under Yredelemnul
  5939 | D:12     | Noticed a cyclops
  5960 | D:12     | Killed an unseen horror
  5960 | D:12     | Killed a cyclops
  6150 | D:11     | Noticed a cyclops
  6163 | D:11     | Killed a cyclops
  6163 | D:11     | Reached XP level 11. HP: 78/88 MP: 13/16
  6285 | D:13     | Noticed a catoblepas
  6342 | D:13     | HP: 2/88 [catoblepas (23)]
  6344 | D:13     | Killed a catoblepas
  6344 | D:13     | Reached skill level 5 in Dodging
  6350 | D:13     | Noticed a hill giant
  6383 | D:13     | Killed a hill giant
  6421 | D:13     | Found a labyrinth entrance.
  6430 | Lab      | Entered a labyrinth
  7034 | Lab      | Received a gift from Yredelemnul
  7137 | Lab      | Noticed a minotaur
  7153 | Lab      | Killed a minotaur
  7153 | Lab      | Reached skill level 9 in Polearms
  7157 | Lab      | Got an ancient hand crossbow {freeze}
  7184 | Lab      | Identified the +4 hand crossbow "Spiderbane" {freeze, *Confuse rPois Int+9 Dex+3} (You took it off a minotaur in a labyrinth)
  7204 | Lab      | Got a transparent scale mail
  7204 | Lab      | Got a flickering steel ring
  7206 | Lab      | Identified the ring "Italuh" {AC+3 Str+3} (You found it in a labyrinth)
  7228 | Lab      | Identified a +4 rod of clouds (13/13) (You found it in a labyrinth)
  7249 | D:13     | Identified the +4 scale mail "Kyidall" {MR+ Stlth+} (You found it in a labyrinth)
  7268 | D:13     | Noticed a four-headed hydra
  7269 | D:13     | Noticed a hill giant
  7278 | D:13     | Killed a five-headed hydra
  7282 | D:13     | Killed a hill giant
  7523 | D:14     | Noticed a hill giant
  7535 | D:14     | Killed a hill giant
  7535 | D:14     | Reached skill level 5 in Armour
  7548 | D:14     | Received a gift from Yredelemnul
  7603 | D:14     | Found a gate to the Vaults.
  7604 | D:14     | Noticed Norris
  7618 | D:14     | Noticed Donald
  7632 | D:14     | Received a gift from Yredelemnul
  7641 | D:14     | Killed Norris
  7641 | D:14     | Reached skill level 10 in Polearms
  7641 | D:14     | Reached XP level 12. HP: 44/97 MP: 11/19
  7646 | D:14     | Killed Donald
  7646 | D:14     | Reached skill level 5 in Evocations
  7691 | D:14     | Noticed an ogre mage
  7707 | D:14     | Killed an ogre mage
  7832 | D:14     | Noticed a tengu warrior
  7834 | D:14     | Noticed a tengu warrior
  7855 | D:14     | Killed a tengu warrior
  7858 | D:14     | Killed a tengu warrior
  7915 | D:14     | Reached skill level 10 in Invocations
  8164 | D:15     | Entered Level 15 of the Dungeon
  8255 | D:15     | Received a gift from Yredelemnul
  8290 | D:15     | Noticed a centaur warrior
  8360 | D:15     | Killed a centaur warrior
  8436 | D:15     | Found Tuperuh's Antique Weapon Boutique.
  8470 | D:15     | Bought a bardiche for 243 gold pieces
  8533 | D:15     | Noticed a centaur warrior
  8548 | D:15     | Killed a centaur warrior
  8548 | D:15     | Reached XP level 13. HP: 76/105 MP: 20/20
  8656 | D:15     | Reached skill level 11 in Polearms
  8823 | D:15     | Found a staircase to the Depths.
  8894 | D:15     | Found a shimmering altar of Xom.
  8895 | D:15     | Found a shimmering altar of Xom.
  8896 | D:15     | Found a shimmering altar of Xom.
  8898 | D:15     | Found a shimmering altar of Xom.
  9027 | D:14     | Gained mutation: You are somewhat resistant to further mutation. [mutagenic meat]
  9029 | D:14     | Gained mutation: You can translocate small distances at will. [mutagenic meat]
  9030 | D:14     | Gained mutation: You are weak. (Str -2) [mutagenic meat]
  9235 | D:14     | Noticed a frost giant
  9267 | D:14     | Your ally Norris died
  9284 | D:14     | Killed a frost giant
  9379 | D:14     | Noticed a tengu reaver
  9403 | D:14     | Killed a tengu reaver
  9787 | D:13     | Reached skill level 1 in Translocations
  9984 | D:11     | Killed Maud
 10124 | Orc:1    | Entered Level 1 of the Orcish Mines
 10246 | Orc:1    | Found a dark tunnel.
 10251 | Volcano  | Entered a volcano
 10440 | Orc:1    | Received a gift from Yredelemnul
 10513 | Orc:2    | Entered Level 2 of the Orcish Mines
 10548 | Orc:2    | Found a staircase to the Elven Halls.
 10733 | Orc:2    | Received a gift from Yredelemnul
 10847 | Orc:2    | Reached skill level 12 in Invocations
 10925 | Orc:2    | Found Bijoicw's Gadget Shoppe.
 10925 | Orc:2    | Found Noxi's Antique Weapon Shoppe.
 10954 | Orc:2    | Received a gift from Yredelemnul
 11094 | Orc:2    | Reached XP level 14. HP: 116/116 MP: 23/23
 11097 | Orc:2    | Found Dighof's General Store.
 11102 | Orc:2    | Found Ariss's Book Emporium.
 11170 | Orc:2    | Bought a book of Necromancy for 540 gold pieces
 11174 | Orc:2    | Learned a level 3 spell: Regeneration
 11232 | Orc:2    | Received a gift from Yredelemnul
 11248 | Elf:1    | Entered Level 1 of the Elven Halls
 11330 | Elf:1    | Reached skill level 1 in Necromancy
 11579 | Lair:1   | Entered Level 1 of the Lair of Beasts
 11690 | Lair:1   | Reached skill level 1 in Charms
 11882 | Lair:1   | Reached ***** piety under Yredelemnul
 11882 | Lair:1   | Received a gift from Yredelemnul
 12014 | Lair:2   | Got a scorched plate armour
 12283 | Lair:3   | Noticed Harold
 12291 | Lair:3   | Killed Harold
 12291 | Lair:3   | Received a gift from Yredelemnul
 12310 | Lair:3   | Found a hole to the Spider Nest.
 12323 | Lair:3   | Noticed PinkishYellow's ghost (journeyman SpEn)
 12372 | Lair:3   | hmm
 12555 | Lair:3   | Noticed totalnoob's ghost (journeyman DsFi)
 12556 | Lair:3   | oh
 12568 | Lair:2   | totalnoob: lol my ghost
 12586 | Lair:3   | 4thArraOfDagon: hi
 12590 | Lair:3   | 4thArraOfDagon: lol yea
 12590 | Lair:3   | totalnoob: i actually died from that other ghost lol
 12590 | Lair:3   | totalnoob: first one that went inviz
 12590 | Lair:3   | 4thArraOfDagon: i've met 3 of your ghosts already
 12590 | Lair:3   | totalnoob: haha
 12658 | Lair:3   | Identified the +9 plate armour "Maeteong" {*Contam rElec Str+8 Slay-4} (You found it on level 2 of the Lair of Beasts)
 12817 | Lair:4   | Received a gift from Yredelemnul
 12936 | Lair:5   | Noticed Rupert
 12947 | Lair:5   | Killed Rupert
 13044 | Lair:5   | 4thArraOfDagon: damn lag spikes
 13076 | Lair:5   | Received a gift from Yredelemnul
 13156 | Lair:5   | You fall through a shaft for 2 floors!
 13188 | Lair:6   | Found a staircase to the Shoals.
 13319 | Lair:7   | Received a gift from Yredelemnul
 13467 | Lair:8   | Entered Level 8 of the Lair of Beasts
 13559 | Lair:8   | Reached skill level 13 in Invocations
 13597 | Lair:8   | Received a gift from Yredelemnul
 13748 | Lair:8   | Received a gift from Yredelemnul
 14015 | Lair:8   | Got a slimy brass ring
 14016 | Lair:8   | Identified the ring "Xatro" {rN+ MP+9 Str+4 Int-4 Dex+9} (You found it on level 8 of the Lair of Beasts)
 14058 | Lair:8   | Reached XP level 15. HP: 21/126 MP: 25/25
 14140 | Lair:8   | 4thArraOfDagon: lagggy
 14212 | Lair:8   | Reached skill level 10 in Fighting
 14256 | Lair:7   | Received a gift from Yredelemnul
 14327 | Lair:6   | Found a staircase to the Slime Pits.
 14327 | Lair:6   | Found a viscous altar of Jiyva.
 14586 | Shoals:1 | Entered Level 1 of the Shoals
 14919 | Shoals:1 | Reached ****** piety under Yredelemnul
 14952 | Shoals:1 | Noticed a kraken
 14998 | Shoals:1 | Received a gift from Yredelemnul
 15098 | Shoals:2 | Found Botepefi's Food Shoppe.
 15134 | Shoals:2 | Reached skill level 14 in Invocations
 15147 | Shoals:2 | Learned a level 2 spell: Stoneskin
 15374 | Shoals:3 | Found a frozen archway.
 15452 | IceCv    | Entered an ice cave
 15921 | IceCv    | Noticed an Ice Fiend
 15971 | IceCv    | Killed an Ice Fiend
 16141 | IceCv    | Got a pitted helmet
 16203 | Shoals:3 | Lost mutation: You are weak. (Str -2) [potion of mutation]
 16218 | Shoals:4 | Entered Level 4 of the Shoals
 16241 | Shoals:4 | Received a gift from Yredelemnul
 16268 | Shoals:4 | Got a clouded gossamer ring
 16270 | Shoals:4 | Identified the ring of Rait {rN+ MP+9 SInv Stlth-} (You found it on level 4 of the Shoals)
 16324 | Shoals:4 | Received a gift from Yredelemnul
 16343 | Shoals:4 | Reached XP level 16. HP: 47/136 MP: 27/27
 16357 | Shoals:4 | Got an ancient chain mail
 16364 | Shoals:4 | Received a gift from Yredelemnul
 16394 | Shoals:4 | Reached skill level 15 in Invocations
 16428 | Shoals:4 | Received a gift from Yredelemnul
 16439 | Shoals:4 | uhh
 16450 | Shoals:4 | Got a barnacled rune of Zot
 16479 | Shoals:4 | Identified the +6 chain mail "Yruufy" {MR+ Dex+4} (You found it on level 4 of the Shoals)
 16635 | Shoals:4 | Received a gift from Yredelemnul
 16717 | Shoals:3 | Received a gift from Yredelemnul
 16890 | Shoals:2 | Received a gift from Yredelemnul
 17059 | Lair:4   | Identified the Grimoire of Enchantment and Companions (You found it on level 4 of the Lair of Beasts)
 17064 | Lair:4   | Learned a level 3 spell: Spectral Weapon
 17132 | Spider:1 | Entered Level 1 of the Spider Nest
 17284 | Spider:3 | Reached skill level 1 in Hexes
 17331 | Spider:3 | Identified the cursed -4 helmet of Paranoia {rC+} (You found it in an ice cave)
 17352 | Spider:4 | Entered Level 4 of the Spider Nest
 17452 | Spider:4 | Received a gift from Yredelemnul
 17798 | Spider:4 | Reached skill level 15 in Polearms
 17896 | Spider:4 | Got a gossamer rune of Zot
 18137 | Lair:3   | Killed PinkishYellow's ghost
 18143 | Lair:3   | Received a gift from Yredelemnul
 18739 | Elf:1    | Reached skill level 16 in Invocations
 18749 | Elf:1    | Received a gift from Yredelemnul
 18820 | Elf:3    | Entered Level 3 of the Elven Halls
 18896 | Elf:3    | Learned a level 3 spell: Conjure Flame
 18992 | Elf:3    | Reached XP level 17. HP: 145/145 MP: 29/29
 19061 | Elf:3    | Found a radiant altar of Vehumet.
 19288 | Elf:3    | Received a gift from Yredelemnul
 19384 | Elf:3    | Noticed a deep elf blademaster
 19398 | Elf:3    | Killed a deep elf blademaster
 19499 | Elf:3    | Turgon: Do you get your undead friends by "recall" on E:3 even when they are on E:2?
 19521 | Elf:3    | 4thArraOfDagon: yea
 19521 | Elf:3    | Turgon: oh
 19521 | Elf:3    | 4thArraOfDagon: you can leave them in whatever place
 19521 | Elf:3    | Turgon: !
 19565 | Elf:3    | Noticed a deep elf blademaster
 19575 | Elf:3    | Killed a deep elf blademaster
 19625 | Elf:3    | Turgon: Spectral polearm is sometimes really great
 19633 | Elf:3    | Noticed a deep elf master archer
 19675 | Elf:3    | Turgon: Although I prefer +9 bardiche of freezing for this :-)
 19679 | Elf:3    | Killed a deep elf master archer
 19910 | Elf:3    | Got a coiled tin amulet
 19911 | Elf:3    | Identified the amulet of Uxuow {MPRegen MR+ Int+3} (You took it off a deep elf high priest on level 3 of the Elven Halls)
 19953 | Elf:3    | Noticed a deep elf master archer
 19974 | Elf:3    | Killed a deep elf master archer
 20126 | Elf:3    | 4thArraOfDagon: its so laggy
 20171 | Elf:3    | Got a translucent halberd {freeze}
 20172 | Elf:3    | Identified the +5 halberd of Midsummer {freeze, *Corrode rC+ Str+4 SInv} (You took it off a deep elf demonologist on level 3 of the Elven Halls)
 20206 | Elf:3    | Identified Sif Muna's Catalogue of Combat Magic and Feathers (You found it on level 3 of the Elven Halls)
 20214 | Elf:3    | Got a bound amethyst amulet
 20234 | Elf:3    | Identified the amulet of the Six Gods {Faith rC- Int+7 Dex-2 SInv} (You found it on level 3 of the Elven Halls)
 20730 | Lair:6   | Received a gift from Yredelemnul
 20793 | Slime:1  | Entered Level 1 of the Pits of Slime
 20807 | Lair:6   | Reached skill level 17 in Invocations
 20869 | Slime:1  | Noticed an acid blob
 20935 | Slime:2  | Noticed an acid blob
 20935 | Slime:2  | Noticed an acid blob
 20943 | Slime:1  | Killed an acid blob
 20946 | Slime:1  | Killed an acid blob
 21096 | Lair:6   | Received a gift from Yredelemnul
 21217 | Slime:2  | Killed an acid blob
 21229 | Slime:3  | Noticed an acid blob
 21238 | Slime:2  | Noticed an acid blob
 21244 | Slime:2  | Killed an acid blob
 21348 | Slime:3  | Noticed an acid blob
 21356 | Slime:3  | Killed an acid blob
 21464 | Slime:3  | Noticed an acid blob
 21554 | Slime:2  | Received a gift from Yredelemnul
 21706 | Slime:3  | Noticed an acid blob
 21739 | Slime:6  | Entered Level 6 of the Pits of Slime
 21743 | Slime:6  | Reached XP level 18. HP: 151/155 MP: 30/30
 21800 | Slime:5  | Received a gift from Yredelemnul
 21850 | Slime:6  | Reached skill level 10 in Armour
 21985 | Slime:4  | Received a gift from Yredelemnul
 21986 | Slime:4  | Gained mutation: You are frail (-10% HP). [a shining eye]
 22063 | Slime:5  | Received a gift from Yredelemnul
 22166 | Slime:6  | Found a viscous altar of Jiyva.
 23072 | Slime:6  | Reached skill level 18 in Invocations
 23263 | Slime:6  | Noticed the Royal Jelly
 23320 | Slime:6  | Killed the Royal Jelly
 23361 | Slime:6  | Identified the Compendium of Battle Magic (You found it on level 6 of the Pits of Slime)
 23363 | Slime:6  | Identified a scroll of acquirement
 23364 | Slime:6  | Got a fine centaur barding
 23375 | Slime:6  | Identified the +1 centaur barding of Hopscotch {rC- MP-9 Str+6 Dex+9} (You acquired it on level 6 of the Pits of Slime)
 23375 | Slime:6  | meh
 23400 | Slime:6  | Identified the Incunabulum of Battle Magic and Fire (You found it on level 6 of the Pits of Slime)
 23408 | Slime:6  | Got a coiled bronze ring
 23408 | Slime:6  | Got a slimy rune of Zot
 23410 | Slime:6  | Identified the ring of Racol {rCorr rElec Str+2 Slay-3} (You found it on level 6 of the Pits of Slime)
 23429 | Slime:6  | Gained mutation: You are partially covered in slimy green scales (AC +2). [potion of beneficial mutation]
 23430 | Slime:6  | Got an ancient trident
 23431 | Slime:6  | Identified the cursed +1 trident of Faetzoit {speed, Str+4 SInv} (You found it on level 6 of the Pits of Slime)
 23922 | Depths:1 | Entered Level 1 of the Depths
 24075 | Depths:2 | Found a flickering gateway to a bazaar.
 24081 | Bazaar   | Entered a bazaar
 24095 | Bazaar   | Found Leuloah's Gadget Shoppe.
 24095 | Bazaar   | Found Zuomyclo's Jewellery Emporium.
 24116 | Bazaar   | Found Opnohof's Gadget Shoppe.
 24116 | Bazaar   | Found Herusch's Antique Armour Emporium.
 24126 | Bazaar   | Bought a translucent scale mail for 189 gold pieces
 24138 | Bazaar   | Identified the +5 scale mail of Idealism {rF+ rN+ Slay-4} (You bought it in a shop in a bazaar)
 24161 | Bazaar   | Found Emmihyew's Weapon Shoppe.
 24161 | Bazaar   | Found Ecrevech's Antique Armour Emporium.
 24171 | Bazaar   | Bought an ichor-stained ring mail for 243 gold pieces
 24171 | Bazaar   | Bought a pair of distressingly furry gloves for 256 gold pieces
 24183 | Bazaar   | Identified the cursed +0 pair of gloves of Atheism {-Tele *Confuse Int+7 SInv} (You bought it in a shop in a bazaar)
 24195 | Bazaar   | Identified the cursed +0 ring mail "Yziovy" {rElec rCorr Str-3 Int+9} (You bought it in a shop in a bazaar)
 24397 | Depths:1 | Received a gift from Yredelemnul
 24442 | Depths:1 | Found a gateway to Hell.
 24627 | Depths:1 | Got a brightly glowing large shield
 24641 | Depths:1 | Noticed Mennas
 24642 | Depths:1 | Found a glowing silver altar of Zin.
 24754 | Depths:1 | Killed Mennas
 24754 | Depths:1 | Reached XP level 19. HP: 70/146 MP: 32/32
 24907 | Depths:1 | Got a pair of faintly humming gloves
 24908 | Depths:1 | Identified the +3 large shield of the Other World {Slay+2} (You took it off a daeva on level 1 of the Depths)
 24919 | Depths:1 | Identified the cursed +0 pair of gloves of Dotseg {rN+} (You found it on level 1 of the Depths)
 25587 | Depths:3 | Noticed the Enchantress
 25614 | Depths:2 | Received a gift from Yredelemnul
 25619 | Depths:2 | Killed the Enchantress
 25622 | Depths:2 | Got a faerie dragon armour
 25633 | Depths:2 | Identified the +1 faerie dragon armour {MP+9} (You took it off the Enchantress on level 2 of the Depths)
 25754 | Depths:2 | Received a gift from Yredelemnul
 25760 | Depths:3 | Noticed a lich
 25770 | Depths:2 | Killed a lich
 25837 | Depths:3 | namelastname112: for a second i was wondering where is you char
 25853 | Depths:3 | namelastname112: your*
 25877 | Depths:3 | 4thArraOfDagon: lag?
 25885 | Depths:3 | namelastname112: no, it's just that centaur tile
 26019 | Depths:3 | Found a gateway to a ziggurat.
 26048 | Depths:3 | Received a gift from Yredelemnul
 26108 | Depths:3 | Reached skill level 19 in Invocations
 26164 | Depths:3 | Noticed Boris
 26175 | Depths:3 | Killed Boris
 26458 | Depths:3 | Found a one-way gate leading to the halls of Pandemonium.
 26472 | Depths:3 | Found Gaumad's One-of-a-Kind Books.
 26514 | Depths:4 | Found a one-way gate to the infinite horrors of the Abyss.
 26548 | Depths:4 | Noticed Frederick
 26560 | Depths:4 | Killed Frederick
 26645 | Depths:4 | Received a gift from Yredelemnul
 26707 | Depths:4 | Received a gift from Yredelemnul
 26725 | Depths:4 | Noticed Jory
 26742 | Depths:4 | Killed Jory
 26805 | Depths:4 | Noticed Boris
 26821 | Depths:4 | Reached XP level 20. HP: 91/155 MP: 31/33
 26829 | Depths:4 | Killed Boris
 26913 | Depths:4 | Received a gift from Yredelemnul
 27023 | Depths:4 | Noticed Sojobo
 27032 | Depths:4 | Killed Sojobo
 27108 | Depths:4 | Noticed a caustic shrike
 27117 | Depths:4 | Killed a caustic shrike
 27152 | Depths:4 | Noticed a golden dragon
 27163 | Depths:4 | Killed a golden dragon
 27195 | Depths:4 | Noticed an ancient lich
 27221 | Depths:4 | Killed an ancient lich
 27288 | Depths:4 | Got a spiked plate armour
 27299 | Depths:4 | Identified the cursed +0 plate armour "Picomae" {Str+3 SInv Stlth+} (You found it on level 4 of the Depths)
 27411 | Depths:4 | Noticed Noname's ghost (veteran OpAs)
 27426 | Depths:4 | Killed Noname's ghost
 27456 | Depths:4 | Reached skill level 5 in Spellcasting
 27735 | Depths:5 | Entered Level 5 of the Depths
 28143 | Depths:5 | Found Cystrion's Book Shop.
 28203 | Depths:5 | Reached skill level 10 in Dodging
 28345 | Depths:5 | Received a gift from Yredelemnul
 28369 | Depths:5 | Noticed a golden dragon
 28374 | Depths:5 | Found a gate to the Realm of Zot.
 28387 | Depths:5 | Killed a golden dragon
 28405 | Zot:1    | Entered Level 1 of the Realm of Zot
 28592 | Zot:1    | Reached skill level 20 in Invocations
 28662 | Zot:2    | Reached XP level 21. HP: 146/162 MP: 30/35
 28777 | Zot:2    | timbw: hi
 28793 | Zot:2    | timbw: this looks like a pretty painful combo :D
 28798 | Zot:2    | timbw: still good turncount though
 28801 | Zot:2    | Paralysed by fainting for 8 turns
 28834 | Zot:2    | 4thArraOfDagon: i was thinking about worst combo possible
 28834 | Zot:2    | timbw: ye I was about to say
 28834 | Zot:2    | timbw: it looks about as bad as it gets
 28834 | Zot:2    | 4thArraOfDagon: yea :(
 28876 | Zot:2    | 4thArraOfDagon: rwell
 28876 | Zot:2    | 4thArraOfDagon: its obvious
 28876 | Zot:2    | timbw: I suppose yred probably is pretty okay
 28876 | Zot:2    | 4thArraOfDagon: that it requires massive item luck
 28876 | Zot:2    | 4thArraOfDagon: its cool for dungeon
 28876 | Zot:2    | timbw: I dont really understand why Ce is so bad
 28876 | Zot:2    | 4thArraOfDagon: mummy-like apts
 28876 | Zot:2    | timbw: but they feel really bad when you play them
 28876 | Zot:2    | 4thArraOfDagon: yea
 28876 | Zot:2    | 4thArraOfDagon: well
 28876 | Zot:2    | timbw: yeah but speed, better exp and stuff
 28876 | Zot:2    | timbw: they shouldnt be so terrible but they are xD
 28876 | Zot:2    | 4thArraOfDagon: they feel bad for us, speedrunners
 28876 | Zot:2    | timbw: I guess
 28876 | Zot:2    | timbw: for us speed = bad
 28876 | Zot:2    | 4thArraOfDagon: but if played mega-slow, defensive etc its managable
 28890 | Zot:2    | timbw: -3 armour -3 dodge + big & ac penalty
 28890 | Zot:2    | 4thArraOfDagon: massive mut luck
 28890 | Zot:2    | 4thArraOfDagon: massive item luck
 28890 | Zot:2    | 4thArraOfDagon: look at my dex and int
 28890 | Zot:2    | 4thArraOfDagon: :)
 28890 | Zot:2    | timbw: yeah but
 28890 | Zot:2    | timbw: 27/19
 28890 | Zot:2    | timbw: :D
 28890 | Zot:2    | 4thArraOfDagon: ya
 28890 | Zot:2    | 4thArraOfDagon: also no resistance
 28890 | Zot:2    | 4thArraOfDagon: s
 28890 | Zot:2    | 4thArraOfDagon: we will see how it will go in vaults
 28890 | Zot:2    | timbw: defense probably biggest issue with Ce
 28890 | Zot:2    | 4thArraOfDagon: yea
 28890 | Zot:2    | timbw: I prefer going big armour and just stack ac on them
 28890 | Zot:2    | timbw: but I do that on everything so
 28890 | Zot:2    | 4thArraOfDagon: :)
 28890 | Zot:2    | 4thArraOfDagon: what i find bad in centaurs
 28890 | Zot:2    | 4thArraOfDagon: is that even chei+statue combo sucks with them
 28890 | Zot:2    | 4thArraOfDagon: i really have no idea how to release their doubtful potential
 28890 | Zot:2    | 4thArraOfDagon: if they even posses one heh
 28890 | Zot:2    | timbw: I dont think it will happen
 28890 | Zot:2    | timbw: unless they rework ranged combat
 28890 | Zot:2    | 4thArraOfDagon: i guess you are right
 28890 | Zot:2    | timbw: maybe some new god
 28890 | Zot:2    | 4thArraOfDagon: no-arrows god?
 28890 | Zot:2    | timbw: dunno, they need something to change I feel
 28890 | Zot:2    | timbw: for them to be strong
 28960 | Zot:2    | Noticed a golden dragon
 28970 | Zot:2    | Killed a golden dragon
 29019 | Zot:2    | Noticed a curse toe
 29029 | Zot:2    | Noticed a curse toe
 29040 | Zot:2    | Killed a curse toe
 29055 | Zot:2    | Killed a curse toe
 29140 | Zot:2    | Noticed a curse toe
 29151 | Zot:2    | Killed a curse toe
 29479 | Zot:3    | 4thArraOfDagon: ok im out for today
 29479 | Zot:3    | 4thArraOfDagon: its midnight
 29480 | Zot:3    | Upgraded the game from 0.18-a0-1041-gbe91bf5 to 0.18-a0-1045-g4e042de
 29629 | Zot:3    | Received a gift from Yredelemnul
 29683 | Zot:5    | Entered Level 5 of the Realm of Zot
 29732 | Zot:5    | Noticed a golden dragon
 29741 | Zot:5    | Killed a golden dragon
 29856 | Zot:5    | Noticed a golden dragon
 29867 | Zot:5    | Killed a golden dragon
 30356 | Zot:4    | Noticed a golden dragon
 30392 | Zot:4    | Killed a golden dragon
 30833 | Depths:5 | Reached XP level 22. HP: 156/171 MP: 36/36
 31198 | Vaults:1 | Entered Level 1 of the Vaults
 31299 | Vaults:1 | Reached skill level 21 in Invocations
 31338 | Vaults:1 | Received a gift from Yredelemnul
 31931 | Vaults:2 | Reached skill level 15 in Fighting
 32048 | Vaults:2 | Received a gift from Yredelemnul
 33610 | Vaults:4 | Reached XP level 23. HP: 59/179 MP: 37/37
 33726 | Vaults:4 | Received a gift from Yredelemnul
 33767 | Vaults:4 | Found Fyalar's Assorted Antiques.
 33770 | Vaults:4 | Bought 3 scrolls of enchant weapon for 697 gold pieces
 34240 | Vaults:3 | Reached skill level 22 in Invocations
 34475 | Vaults:5 | Entered Level 5 of the Vaults
 34553 | Vaults:5 | ohhh
 34714 | Vaults:4 | Received a gift from Yredelemnul
 34775 | Vaults:5 | Noticed nublet's ghost (adept CeFE)
 34836 | Vaults:4 | Received a gift from Yredelemnul
 34963 | Vaults:5 | Received a gift from Yredelemnul
 35097 | Vaults:5 | Noticed an ancient lich
 35116 | Vaults:5 | Killed an ancient lich
 35157 | Vaults:4 | Found Upo Ung's Food Shoppe.
 35311 | Vaults:4 | Received a gift from Yredelemnul
 35443 | Vaults:5 | Killed nublet's ghost
 35462 | Vaults:5 | Noticed an ancient lich
 35483 | Vaults:5 | Killed an ancient lich
 35546 | Vaults:5 | Found Eshrieh's Magic Scroll Boutique.
 35546 | Vaults:5 | Found Feluel's Food Shoppe.
 35550 | Vaults:5 | Bought a scroll of acquirement for 676 gold pieces
 35550 | Vaults:5 | Bought a scroll of enchant weapon for 97 gold pieces
 35553 | Vaults:5 | Got a transparent buckler
 35558 | Vaults:5 | Bought a scroll of identify for 26 gold pieces
 35558 | Vaults:5 | Bought a scroll of identify for 26 gold pieces
 35560 | Vaults:5 | Identified the +0 buckler "Aqot" {rF+ Stlth+} (You acquired it on level 5 of the Vaults)
 35576 | Vaults:5 | Found Xaecor's Food Shop.
 35586 | Vaults:5 | Found Yssunean's Distillery.
 35598 | Vaults:5 | Found Laxzel's Distillery.
 35626 | Vaults:5 | Reached XP level 24. HP: 163/189 MP: 38/38
 35641 | Vaults:5 | Found Yget's Magic Scroll Boutique.
 35641 | Vaults:5 | Found Pyneh's Distillery.
 35670 | Vaults:5 | Received a gift from Yredelemnul
 35695 | Vaults:5 | Bought a scroll of enchant weapon for 135 gold pieces
 35695 | Vaults:5 | Bought a scroll of enchant weapon for 135 gold pieces
 35712 | Vaults:5 | Found Xasiuk's Food Shop.
 35724 | Vaults:5 | Bought a potion of magic for 136 gold pieces
 35724 | Vaults:5 | Bought 2 potions of haste for 340 gold pieces
 35731 | Vaults:5 | Bought 2 potions of heal wounds for 130 gold pieces
 35731 | Vaults:5 | Bought a potion of might for 52 gold pieces
 35731 | Vaults:5 | Bought a potion of brilliance for 52 gold pieces
 35731 | Vaults:5 | Bought 2 potions of resistance for 260 gold pieces
 35731 | Vaults:5 | Bought a potion of heal wounds for 65 gold pieces
 35731 | Vaults:5 | Bought a potion of might for 52 gold pieces
 35731 | Vaults:5 | Bought a potion of curing for 39 gold pieces
 35814 | Vaults:5 | Got a steaming granite ring
 35815 | Vaults:5 | Identified the ring of No Interval {+Fly rN+++ Stlth+} (You found it on level 5 of the Vaults)
 35921 | Vaults:5 | BLOAX: dum de dum
 35990 | Vaults:5 | Noticed an ancient lich
 36013 | Vaults:5 | Killed an ancient lich
 36034 | Vaults:5 | 4thArraOfDagon: bad dum tss here comes bloax
 36034 | Vaults:5 | 4thArraOfDagon: whatsup
 36050 | Vaults:5 | BLOAX: oh man
 36051 | Vaults:5 | BLOAX: gong
 36058 | Vaults:5 | Got a silver rune of Zot
 36059 | Vaults:5 | BLOAX: grab it along
 36059 | Vaults:5 | 4thArraOfDagon: i dont jave 1h wep
 36059 | Vaults:5 | BLOAX: you might get one!
 36059 | Vaults:5 | 4thArraOfDagon: and i want to win :)
 36059 | Vaults:5 | 4thArraOfDagon: so not this time!
 36059 | Vaults:5 | 4thArraOfDagon: mpregen is kinda useless
 36059 | Vaults:5 | 4thArraOfDagon: since you cant get 2mp per turn and with 50mp like i have the regeneration is already maxed...
 36119 | Vaults:5 | BLOAX: mpregen from what?
 36182 | Vaults:5 | 4thArraOfDagon: amu
 36182 | Vaults:5 | 4thArraOfDagon: replaced rcorr
 36182 | Vaults:5 | BLOAX: oh is that a thing now
 36182 | Vaults:5 | 4thArraOfDagon: yep but its trash
 36182 | Vaults:5 | BLOAX: wait where did rcorr go
 36182 | Vaults:5 | 4thArraOfDagon: to rings
 36182 | Vaults:5 | Erad1cat0r: you dont need more str?
 36182 | Vaults:5 | 4thArraOfDagon: idk
 36209 | Vaults:5 | BLOAX: huh
 36231 | Vaults:5 | BLOAX: it just increases your maxmp by 40 for mpregen purposes
 36286 | Vaults:5 | BLOAX: wait no
 36307 | Vaults:5 | BLOAX: it just gives you +0.2 mp per 10 aut
 36307 | Vaults:5 | BLOAX: lol
 36309 | Vaults:5 | BLOAX: ha ha ha
 36309 | Vaults:5 | 4thArraOfDagon: 0.2 oh yea
 36309 | Vaults:5 | BLOAX: you get 0.35 mp/turn with 57 maxmp
 36309 | Vaults:5 | BLOAX: so that brings us to a grand total of 0.55!
 36309 | Vaults:5 | BLOAX: !!!
 36309 | Vaults:5 | 4thArraOfDagon: awsome
 36309 | Vaults:5 | BLOAX: all i can say is
 36309 | Vaults:5 | BLOAX: well it's, uh
 36309 | Vaults:5 | BLOAX: uh
 36309 | Vaults:5 | BLOAX: it's better than nothing
 36309 | Vaults:5 | BLOAX: uh
 36309 | Vaults:5 | BLOAX: yeah
 36309 | Vaults:5 | 4thArraOfDagon: its better than nothing thats what i thought
 36342 | Vaults:5 | BLOAX: holy shit
 36342 | Vaults:5 | BLOAX: " For some reason, regeneration amulets were as rare as rings of slaying and rings of invisibility. The other two are very strong items, which presumably motivates their rarity; amulet of regeneration really isn't in the same league."
 36348 | Vaults:5 | BLOAX: revolutionary ideas!
 36354 | Vaults:5 | BLOAX: brought forth by, uh
 36360 | Vaults:5 | BLOAX: yours truly the moment rings of regeneration became amulets of regeneration
 36377 | Vaults:5 | 4thArraOfDagon: idk, this is sorta very primitive reasoning
 36377 | Vaults:5 | 4thArraOfDagon: this game is all about numbers
 36377 | Vaults:5 | 4thArraOfDagon: and that reasoning doesn't contain any
 36377 | Vaults:5 | 4thArraOfDagon: but at least we are moving somewhere
 36395 | Vaults:5 | Erad1cat0r: we need part 2!
 36460 | Vaults:5 | BLOAX: http://s-z.org/neil/git/?p=crawl.git;a=commit;h=69ea0458ddc86a60122a1a
 36468 | Vaults:5 | BLOAX: which was only like
 36480 | Vaults:5 | BLOAX: 4/3rds of a year ago
 36511 | Vaults:5 | BLOAX: it amuses me to see things i've bitched about come to life much later for whatever reason
 36511 | Vaults:5 | 4thArraOfDagon: haha yea
 36539 | Vaults:5 | Identified the Catalogue of Stones (You found it on level 5 of the Vaults)
 36547 | Vaults:5 | Learned a level 6 spell: Iron Shot
 36558 | Vaults:5 | Learned a level 8 spell: Controlled Blink
 36612 | Vaults:5 | Reached skill level 23 in Invocations
 36679 | Vaults:5 | Identified the Incunabulum of Supportive Battle Magic (You found it on level 5 of the Vaults)
 36806 | Vaults:5 | 4thArraOfDagon: remove ring of tele!
 36806 | Vaults:5 | 4thArraOfDagon: and yes im actually after this
 36819 | Vaults:4 | 4thArraOfDagon: in 100% cases you will use it instead of scroll when no enemies around...
 36819 | Vaults:4 | BLOAX: oh absolutely
 36819 | Vaults:4 | BLOAX: they already removed rings of invis
 36819 | Vaults:4 | BLOAX: rip sick yermak strats
 36819 | Vaults:4 | 4thArraOfDagon: yea :(
 36819 | Vaults:4 | BLOAX: i wonder if cloaks of invis still eixst
 36819 | Vaults:4 | 4thArraOfDagon: they will burry telep ring so rip me soon
 36819 | Vaults:4 | BLOAX: probably
 36819 | Vaults:4 | 4thArraOfDagon: idk
 36819 | Vaults:4 | 4thArraOfDagon: that might still exist
 36819 | Vaults:4 | BLOAX: with all of these things gone it'll be back to how i did things a while ago
 36819 | Vaults:4 | BLOAX: which was very painfully
 36819 | Vaults:4 | BLOAX: and not particularly carefully
 36851 | Vaults:4 | Found Emeix's Food Emporium.
 36963 | Vaults:5 | Bought a potion of experience for 1100 gold pieces
 36963 | Vaults:5 | Bought a potion of curing for 66 gold pieces
 36963 | Vaults:5 | Reached XP level 25. HP: 140/195 MP: 38/38
 37180 | Vaults:3 | Found a staircase to the Crypt.
 37188 | Crypt:1  | Entered Level 1 of the Crypt
 37445 | Crypt:2  | 4thArraOfDagon: wait what
 37445 | Crypt:2  | 4thArraOfDagon: elephant slug zombie
 37445 | Crypt:2  | BLOAX: wow
 37445 | Crypt:2  | BLOAX: exotic life forms
 37445 | Crypt:2  | 4thArraOfDagon: they kept zombies :)
 37445 | Crypt:2  | BLOAX: in the crypt of the dead things
 37500 | Crypt:3  | Entered Level 3 of the Crypt
 38192 | Crypt:3  | Found an ancient bone altar of Kikubaaqudgha.
 38281 | Crypt:3  | Got a pitted silver ring
 38301 | Crypt:3  | 4thArraOfDagon: as you can noticed
 38301 | Crypt:3  | 4thArraOfDagon: notice*
 38301 | Crypt:3  | 4thArraOfDagon: i decided to keep the Whatever god
 38301 | Crypt:3  | BLOAX: well yeah whatever
 38301 | Crypt:3  | 4thArraOfDagon: just to keep up with the whatever-amulets atmosphere
 38301 | Crypt:3  | BLOAX: seems to be bizarre that you're mostly melee with 32 int
 38301 | Crypt:3  | 4thArraOfDagon: yea i find it strange too
 38301 | Crypt:3  | BLOAX: and a whopping 13 str
 38301 | Crypt:3  | BLOAX: here's to hoping those rings will rectify that :1
 38301 | Crypt:3  | BLOAX: (what are the chances)
 38301 | Crypt:3  | 4thArraOfDagon: haha yea
 38301 | Crypt:3  | BLOAX: drop W
 38301 | Crypt:3  | BLOAX: SInv is on umbra
 38302 | Crypt:3  | Got a coiled platinum ring
 38303 | Crypt:3  | Identified the ring "Vasupn" {rN+ Int+4} (You found it on level 3 of the Crypt)
 38304 | Crypt:3  | Identified the ring of Umoacil {rPois rN+ MP+9 Int+8} (You found it on level 3 of the Crypt)
 38305 | Crypt:3  | n1
 38305 | Crypt:3  | BLOAX: lol
 38305 | Crypt:3  | BLOAX: mp+9 int+8 rpois
 38308 | Crypt:3  | 4thArraOfDagon: more place!
 38308 | Crypt:3  | BLOAX: THAT'S NOT HELPING
 38308 | Crypt:3  | Got a slimy glass ring
 38308 | Crypt:3  | Got a slimy platinum ring
 38309 | Crypt:3  | Identified the ring of the Scavenger {rC++ rN+ Str+3} (You found it on level 3 of the Crypt)
 38311 | Crypt:3  | Identified the ring "Hofures" {rN+ Int+4 Slay+6} (You found it on level 3 of the Crypt)
 38312 | Crypt:3  | BLOAX: ooh
 38312 | Crypt:3  | BLOAX: cool
 38312 | Crypt:3  | 4thArraOfDagon: moar int
 38312 | Crypt:3  | 4thArraOfDagon: moar slay
 38312 | Crypt:3  | BLOAX: https://www.youtube.com/watch?v=023oNRM72eQ
 38312 | Crypt:3  | Identified Hoikehik's Grimoire of Weightlessness (You found it on level 3 of the Crypt)
 38312 | Crypt:3  | Identified the Incunabulum of the Birds (You found it on level 3 of the Crypt)
 38316 | Crypt:3  | 4thArraOfDagon: o full album
 38316 | Crypt:3  | 4thArraOfDagon: i can see clear melody in that bm amazing
 38316 | Crypt:3  | 4thArraOfDagon: hear*
 38316 | Crypt:3  | 4thArraOfDagon: i swear i didnt listen to melodic black since umm early dimmu borgir releases
 38316 | Crypt:3  | 4thArraOfDagon: and that was like 10 years ago for me
 38316 | Crypt:3  | 4thArraOfDagon: at least my title fits the music :)
 38316 | Crypt:3  | no interval bye bye
 38345 | Crypt:3  | BLOAX: pretty sure i've sent you this before
 38349 | Crypt:3  | 4thArraOfDagon: i dont recall that
 38349 | Crypt:3  | BLOAX: it has a very nice surprise
 38349 | Crypt:3  | 4thArraOfDagon: where, at the end?
 38391 | Crypt:3  | BLOAX: towards the end, yes
 38396 | Crypt:3  | BLOAX: just wait for it
 38554 | Crypt:3  | Reached XP level 26. HP: 101/203 MP: 38/38
 38760 | Crypt:3  | Found a staircase to the Tomb.
 38785 | Tomb:1   | Entered Level 1 of the Tomb of the Ancients
 39035 | Tomb:1   | Noticed a greater mummy
 39045 | Tomb:1   | Killed a greater mummy
 39171 | Tomb:2   | Noticed a greater mummy
 39175 | Tomb:2   | Noticed an ancient lich
 39319 | Tomb:3   | Entered Level 3 of the Tomb of the Ancients
 39409 | Tomb:3   | Noticed a greater mummy
 39474 | Tomb:2   | 4thArraOfDagon: is it 15:00?
 39474 | Tomb:2   | st0uf: or me its 23:00
 39474 | Tomb:2   | 4thArraOfDagon: o haha
 39474 | Tomb:2   | 4thArraOfDagon: i was thinking about that surprise
 39474 | Tomb:2   | 4thArraOfDagon: at 15th minute
 39477 | Tomb:2   | 4thArraOfDagon: i find it already suprising
 39479 | Tomb:3   | Noticed a greater mummy
 39589 | Tomb:2   | 4thArraOfDagon: BLOAX DONT SLEEP
 39594 | Tomb:3   | Noticed a greater mummy
 39597 | Tomb:2   | Killed a greater mummy
 39611 | Tomb:2   | Killed a greater mummy
 39720 | Tomb:2   | YRED ACCEPTS
 39756 | Tomb:2   | 4thArraOfDagon: Bloax is dead, call 911
 39778 | Tomb:2   | Killed a greater mummy
 39984 | Tomb:2   | BLOAX: zzz
 40046 | Tomb:3   | Noticed a greater mummy
 40101 | Tomb:2   | BLOAX: Nah it's blatantly obvious.
 40138 | Tomb:2   | BLOAX: it's just such a cheeky black metal combo genre thing to do
 40144 | Tomb:3   | Noticed a greater mummy
 40159 | Tomb:2   | Killed a greater mummy
 40159 | Tomb:2   | Reached skill level 5 in Translocations
 40180 | Tomb:2   | Killed a greater mummy
 40343 | Tomb:3   | Noticed Boris
 40346 | Tomb:3   | i
 40347 | Tomb:3   | hi
 40408 | Tomb:3   | BLOAX: and i just love that trick
 40413 | Tomb:3   | Killed Boris
 40488 | Tomb:3   | Noticed a greater mummy
 40509 | Tomb:3   | Killed a greater mummy
 40536 | Tomb:3   | Learned a level 2 spell: Cure Poison
 40537 | Tomb:3   | 4thArraOfDagon: 27:00 is massive
 40538 | Tomb:3   | BLOAX: it's a great albu
 40538 | Tomb:3   | BLOAX: m
 40538 | Tomb:3   | 4thArraOfDagon: man
 40538 | Tomb:3   | 4thArraOfDagon: this is discovery of the month
 40538 | Tomb:3   | BLOAX: it's almost like
 40538 | Tomb:3   | 4thArraOfDagon: just wow
 40538 | Tomb:3   | BLOAX: good things have come out since the nineties
 40538 | Tomb:3   | 4thArraOfDagon: Oaken Halls of Sorrow
 40540 | Tomb:3   | Oaken Halls of Sorrow
 40540 | Tomb:3   | 4thArraOfDagon: EPIC
 40540 | Tomb:3   | 4thArraOfDagon: its 29 already and that shit is the THING
 40540 | Tomb:3   | BLOAX: cheekiness inbound
 40593 | Tomb:3   | Noticed a greater mummy
 40607 | Tomb:3   | Killed a greater mummy
 40619 | Tomb:3   | 4thArraOfDagon: for a moment i thought they can control my slaves :O
 40732 | Tomb:3   | Noticed a greater mummy
 40739 | Tomb:3   | Killed a greater mummy
 40748 | Tomb:3   | Noticed a greater mummy
 40757 | Tomb:3   | Killed a greater mummy
 40757 | Tomb:3   | Reached skill level 15 in Dodging
 40781 | Tomb:3   | ANUBIS GUARD
 40781 | Tomb:3   | FOLLLOW ME
 40787 | Tomb:3   | TO THE SUNEH
 40829 | Tomb:3   | BLOAX: Well I assume you've come across it by now.
 40830 | Tomb:3   | Identified the Guide on Poison (You found it on level 3 of the Tomb of the Ancients)
 40835 | Tomb:3   | Got an encrusted large shield
 40836 | Tomb:3   | Identified the cursed +0 large shield of the Other Side {MR+ rCorr} (You found it on level 3 of the Tomb of the Ancients)
 40838 | Tomb:3   | Got a twitching pewter ring
 40839 | Tomb:3   | not the other side
 40839 | Tomb:3   | BLOAX: beyond the looking glass
 40839 | Tomb:3   | 4thArraOfDagon: i hit f12 during notification :(
 40840 | Tomb:3   | Identified the ring "Qotho" {rElec rPois rF+ Dex+2 Stlth-} (You found it on level 3 of the Tomb of the Ancients)
 40842 | Tomb:3   | BLOAX: personally then i'm a big fan of the last song on the album
 40842 | Tomb:3   | BLOAX: but that's because i'm into shit like that
 40842 | Tomb:3   | 4thArraOfDagon: now i can hear
 40842 | Tomb:3   | BLOAX: it was cheeky wasn't it
 40842 | Tomb:3   | 4thArraOfDagon: around 37:50
 40842 | Tomb:3   | 4thArraOfDagon: oh man
 40842 | Tomb:3   | 4thArraOfDagon: Stone of Remembrance
 40842 | Tomb:3   | BLOAX: the thing i actually referred to was the sudden jump straight into something much more meloblack
 40842 | Tomb:3   | 4thArraOfDagon: tomorrow im going to listen it along with lyrics
 40842 | Tomb:3   | BLOAX: that is very sudden
 40842 | Tomb:3   | BLOAX: and very cheeky
 40842 | Tomb:3   | 4thArraOfDagon: i fint it amazing
 40842 | Tomb:3   | BLOAX: and very much a black metal combo genre meme
 40842 | Tomb:3   | 4thArraOfDagon: yea
 40842 | Tomb:3   | 4thArraOfDagon: thats an album to remember
 40842 | Tomb:3   | BLOAX: "here's something nice and calm!"
 40842 | Tomb:3   | BLOAX: "OH HEY THERE THE METAL IS"
 40843 | Tomb:3   | 4thArraOfDagon: ok im out for today
 40843 | Tomb:3   | 4thArraOfDagon: at least im falling
 40843 | Tomb:3   | BLOAX: night night
 40843 | Tomb:3   | 4thArraOfDagon: with something nice in the ether
 40843 | Tomb:3   | 4thArraOfDagon: https://www.youtube.com/watch?v=kWiRMI88cPE
 40843 | Tomb:3   | 4thArraOfDagon: thats what pop up next
 40843 | Tomb:3   | BLOAX: i like the blowpipes bit in the last song
 40843 | Tomb:3   | 4thArraOfDagon: from youtube recomendation system
 40843 | Tomb:3   | BLOAX: nice touch
 40843 | Tomb:3   | 4thArraOfDagon: ok, bye
 40843 | Tomb:3   | 4thArraOfDagon: and thx :)
 40843 | Tomb:3   | BLOAX: nighty nights
 40843 | Tomb:3   | Upgraded the game from 0.18-a0-1045-g4e042de to 0.18-a0-1060-g4fac74f
 40949 | Tomb:3   | Got a golden rune of Zot
 41006 | Tomb:1   | Noticed a greater mummy
 41428 | Depths:2 | Received a gift from Yredelemnul
 41631 | Zig:1    | Entered Level 1 of a ziggurat
 41647 | Zig:2    | Entered Level 2 of a ziggurat
 41692 | Zig:3    | Entered Level 3 of a ziggurat
 41733 | Zig:4    | Entered Level 4 of a ziggurat
 41808 | Zig:5    | Entered Level 5 of a ziggurat
 41857 | Zig:5    | Identified the Volume of the Spider (You found it on level 5 of a ziggurat)
 41879 | Zig:6    | Entered Level 6 of a ziggurat
 41911 | Zig:6    | Reached skill level 24 in Invocations
 41951 | Zig:6    | Got a shimmering steel ring
 41953 | Zig:6    | Identified the ring of Rometzakh {+Fly rPois Dex+2} (You found it on level 6 of a ziggurat)
 41962 | Zig:7    | Entered Level 7 of a ziggurat
 41969 | Zig:7    | Got a smoking lapis lazuli ring
 41972 | Zig:7    | Identified the cursed ring of Icicol {+Inv Str-3} (You found it on level 7 of a ziggurat)
 41988 | Zig:7    | Paralysed by a chaos spawn for 7 turns
 42054 | Zig:7    | Got a bone glaive
 42055 | Zig:7    | Identified the cursed +1 glaive of Ambiguity {chop, rF+} (You found it on level 7 of a ziggurat)
 42058 | Zig:7    | Got a steaming plate armour
 42061 | Zig:7    | Identified the +10 plate armour "Deazxofo" {rF+ rC+} (You found it on level 7 of a ziggurat)
 42135 | Pan      | Entered Pandemonium
 42137 | Pan      | Found an exit through the horrors of the Abyss.
 42146 | Pan      | Took an exit into the Abyss.
 42146 | Abyss:1  | Escaped into the Abyss
 42164 | Abyss:2  | Found a corrupted altar of Lugonu.
 42299 | Abyss:2  | Received a gift from Yredelemnul
 42415 | Abyss:2  | Reached XP level 27. HP: 169/212 MP: 39/39
 42496 | Abyss:2  | Found a corrupted altar of Lugonu.
 42694 | Abyss:2  | Found a corrupted altar of Lugonu.
 43808 | Depths:3 | Escaped the Abyss
 43904 | Depths:4 | Voluntarily entered the Abyss.
 44190 | Abyss:1  | Reached skill level 25 in Invocations
 45753 | Abyss:3  | Reached skill level 26 in Invocations
 45783 | Abyss:3  | Got an abyssal rune of Zot
 45895 | Depths:4 | Escaped the Abyss
 45897 | Depths:4 | Voluntarily entered the Abyss.
 46042 | Abyss:1  | Paralysed by accursed screaming for 1 turns
 46325 | Abyss:1  | Found a shimmering altar of Xom.
 46414 | Abyss:1  | Reached skill level 27 in Invocations
 46535 | Depths:4 | Escaped the Abyss
 46539 | Depths:4 | Voluntarily entered the Abyss.
 46685 | Depths:4 | Escaped the Abyss
 46693 | Depths:4 | Voluntarily entered the Abyss.
 47125 | Depths:4 | Escaped the Abyss
 47127 | Depths:4 | Voluntarily entered the Abyss.
 47846 | Depths:4 | Escaped the Abyss
 47848 | Depths:4 | Voluntarily entered the Abyss.
 47921 | Depths:4 | Escaped the Abyss
 47960 | Pan      | Entered Pandemonium
 48212 | Pan      | Found an exit through the horrors of the Abyss.
 48392 | Pan      | Reached skill level 10 in Translocations
 48435 | Pan      | Found an exit through the horrors of the Abyss.
 48453 | Pan      | Noticed Joyfigh the pandemonium lord
 48503 | Pan      | Received a gift from Yredelemnul
 48755 | Pan      | Noticed Moschoem the pandemonium lord
 48783 | Pan      | Killed Moschoem the pandemonium lord
 48800 | Pan      | Found an exit through the horrors of the Abyss.
 48902 | Pan      | Found an exit through the horrors of the Abyss.
 49009 | Pan      | Noticed Puypeeci the pandemonium lord
 49012 | Pan      | Got a demonic rune of Zot
 49146 | Pan      | Noticed Gijar the pandemonium lord
 49414 | Pan      | Noticed Wautaw the pandemonium lord
 49430 | Pan      | Found an exit through the horrors of the Abyss.
 49651 | Pan      | Found an exit through the horrors of the Abyss.
 49748 | Pan      | Gained mutation: Scrolls take you a little longer to read. [a neqoxec]
 49790 | Pan      | Noticed Kiusef the pandemonium lord
 50072 | Pan      | Found a huge runed gate.
 50151 | Pan      | Found a huge runed gate.
 50151 | Pan      | Found a huge runed gate.
 50189 | Pan      | Found a huge runed gate.
 50189 | Pan      | Found a huge runed gate.
 50189 | Pan      | Found a huge runed gate.
 50189 | Pan      | Found a huge runed gate.
 50240 | Pan      | Noticed Coehoh the pandemonium lord
 50253 | Pan      | HP: 10/212 [??? (3)]
 50366 | Pan      | Killed Coehoh the pandemonium lord
 50535 | Pan      | Noticed Amylac the pandemonium lord
 50548 | Pan      | Killed Amylac the pandemonium lord
 50782 | Pan      | Got a scorched bardiche
 50785 | Pan      | Identified the +8 bardiche of Mandamus {holy, +Rage Dex+3} (You found it in Pandemonium)
 50787 | Pan      | hh
 50900 | Pan      | Noticed Petemmeifu the pandemonium lord
 50908 | Pan      | Killed Petemmeifu the pandemonium lord
 51055 | Pan      | Entered the realm of Cerebov.
 51069 | Pan      | Found an exit through the horrors of the Abyss.
 51611 | Pan      | Noticed Cerebov
 51715 | Pan      | Got a fiery rune of Zot
 51732 | Pan      | Got a vibrating glass ring
 51735 | Pan      | Identified the cursed ring "Amucuder" {*Contam rF+++ EV-3 Str-5 Dex+4} (You found it in Pandemonium)
 51777 | Pan      | Found an exit through the horrors of the Abyss.
 51820 | Pan      | Learned a level 3 spell: Tukima's Dance
 51861 | Pan      | Noticed Cerebov
 51950 | Pan      | HP: 2/212 [Executioner (12)]
 51951 | Pan      | Mangled by an Executioner

Vault maps used:
D:1:      scummos_arrival_hexagon
D:3:      hex_intersection
D:4:      elyvilon_altar_4, zin_academy, gup_sewer_entry_pipe, first_bread
D:5:      nicolae_overflow_quartered_altars, minmay_temple_entry_hall,
          basic_altar, uniq_grinder
D:6:      uniq_sigmund, uniq_edmund, uniq_menkaure
D:7:      kennysheep_mini_moat, lemuel_crystal_altar, serial_shops, shop,
          the_bakery
D:8:      guppyfry_shop_venom, uniq_erica, uniq_pikel, uniq_erolcha
D:9:      erik_orc_1
D:10:     lemuel_flamethrower_1
D:11:     lair_0_dummy, uniq_maud
D:13:     lab_entry_generic, spider_trap
D:14:     minmay_expanding_squares, david_vaults_3,
          infiniplex_staircase_spiral_double, minivault_25
D:15:     grunt_enter_depths_magical_seal, serial_park_avenue1, serial_shops,
          shop, xom_shifter_show
Temple:   triangle_lava_temple_12
Lair:2:   minmay_lair_oklob_items, lemuel_fruit_fields, grunt_megastairs_2,
          lemuel_fruit_fields
Lair:3:   dummy_spider_entry, infiniplex_staircase_pool_2, lemuel_fruit_fields,
          lemuel_fruit_tree, uniq_harold
Lair:4:   kennysheep_rathole, guppyfry_lair_drakes
Lair:5:   forest_paths, uniq_rupert
Lair:6:   shoals_dummy_entry, slime_altar_1, minmay_lindwurm_lava
Lair:7:   uniq_nessos
Lair:8:   due_jungle_book, serial_bayou_shore_a, infiniplex_staircase_pool
Shoals:2: serial_shops, nicolae_shop_temple_entry_statues_fountains,
          nicolae_shoals_square_sea_wall
Shoals:3: portal_ice_cave_entry_imps, st_sunken_huts
Shoals:4: shoals_end_grunt_garden, shoal_ilsuiw
Spider:1: guppyfry_wasp_nest
Spider:2: uniq_arachne, uniq_wiglaf, uniq_aizul, uniq_norris
Spider:3: hangedman_spider_tarantella_strand
Spider:4: grunt_spider_rune_circles, nicolae_spider_circle_web,
          spiders_nest_wasp_nest
Slime:3:  cheibrodos_slime_lost_civilization_6
Slime:5:  nicolae_slime_jelly_donut
Orc:1:    nicolae_volcano_entry_lava_flow
Orc:2:    st_orc_mages
Elf:1:    minmay_elf_arrival_summoners, serial_shops, nicolae_shop_stone,
          minivault_28
Elf:3:    elf_hall, david_defended_altar_elf
Vaults:1: v_alt_pattern_6, vaults_dpeg_encased_lava,
          hangedman_vaults_river_flow, vaults_room_guarded_vault,
          ontoclasm_vaults_gateway, v_misc_12, v_misc_17,
          ontoclasm_vaults_claustrophobia, v_alt_pattern_2, vaults_dpeg_ring
Vaults:2: ontoclasm_vaults_ring_square, v_misc_3, v_misc_22,
          vaults_room_hallway, hangedman_vaults_stagger, vaults_mumra_lcd,
          nicolae_vaults_quadrants, hangedman_vaults_trim,
          vaults_mumra_minichess, nicolae_vaults_ninety_degrees,
          ontoclasm_vaults_twist, vaults_dpeg_hooks, vaults_mumra_hexcomb
Vaults:3: v_rooms_6, minmay_crypt_entry_simple_box, hangedman_vaults_nodes,
          nicolae_vaults_little_ls, grunt_vaults_swirl, hangedman_vaults_pinch,
          hangedman_vaults_trim, v_misc_30, vaults_room_stairs_pillars,
          nicolae_vaults_big_angled_halls
Vaults:4: grunt_vaults_funneled_arena, vaults_room_boxed, v_rooms_1,
          vaults_mumra_hex, serial_ice_m, v_pattern_3, ontoclasm_vaults_pinch,
          hangedman_vaults_trim, serial_shops, nicolae_shop_stone,
          nicolae_shop_window_shopping, nicolae_shop_trees
Crypt:1:  cheibrodos_crypt_down_in_the_bonehoard, uniq_donald
Crypt:2:  eino_tiny_chamber, serial_sigils_hangedman_etch, st_stairs_3,
          uniq_mennas
Crypt:3:  church_of_pain_bobbens, tomb_entry_sphere_bobbens
Tomb:1:   uniq_mara
Tomb:3:   uniq_boris
Depths:1: evilmike_silver_temple, minivault_14, pf_hell_entry_tar_spiral,
          hangedman_elemental_death_ray
Depths:2: grunt_deathspiral_large, serial_shops, bzr_entry_dummy,
          grunt_mini_vestibule
Depths:3: kennysheep_spiral_hall, enter_ziggurat_d, grunt_hell_entry_dis_grunt,
          rand_demon_pan_entry_1, nicolae_water_bricks, roderic_hopi_sauvastika,
          nicolae_rare_books, uniq_boris, uniq_enchantress
Depths:4: minmay_nine_rooms, abyss_entry, pf_hell_entry_great_geh,
          roderic_lattice_a, kennysheep_random_hallway, serial_bayou_shore_b,
          uniq_boris, uniq_frederick, uniq_sojobo, uniq_jory
Depths:5: grunt_zot_entry_hairpin, serial_shops, nicolae_shop_statue_plus,
          patterned_corridor, hell_entry
Zot:2:    st_large_dragon_hoard_3, grunt_megastairs_3
Zot:3:    st_stairs_10
Zot:4:    st_single_dragon_hoard_4, st_single_dragon_hoard_1
Abyss:1:  hangedman_cross_veins, evilmike_abyss_exit_smiterflies,
          evilmike_abyss_exit_1, bh_abyss_exit_choice,
          serial_sigils_hangedman_shear
Abyss:2:  abyss_greek_temple, lemuel_flamethrower_3, hangedman_relentless_pull,
          hangedman_abyss_or_decor_stagger
Abyss:3:  hangedman_abyss_rune_macabre_mess, lemuel_flamethrower_3,
          evilmike_abyss_exit_7
Abyss:4:  evilmike_abyss_exit_3, evilmike_abyss_exit_12,
          evilmike_abyss_exit_vortex
Pan:      grunt_pan_sceptre, pan_blood_fountain_small, pan_blood_fountain,
          evilmike_mini_pan_corridor, nicolae_pan_sigil_itan, grunt_pan_spiral,
          pan_blood_fountain_2, rand_demon_1, nicolae_pan_sigil_nadil,
          nicolae_pan_diamonds, pan_blood_fountain_small,
          evilmike_mini_pan_layers, pan_blood_fountain,
          pan_blood_fountain_small, evilmike_mini_pan_doors_b, rand_demon_6,
          rand_demon_6, pan_blood_fountain_small, nicolae_pan_sigil_nadil,
          evilmike_mini_pan_branches, nicolae_pan_gloorx_vloqian_4,
          grunt_pan_in_and_out, pan_blood_fountain, nicolae_pan_sigil_eeng,
          nicolae_pan_giant_door, nicolae_pan_sick_transit,
          evilmike_mini_pan_branches, pan_blood_fountain_small,
          nicolae_pan_glass_arcs, pan_blood_fountain, nicolae_pan_mnolegish_2,
          nicolae_pan_sick_transit, nicolae_pan_hourglass,
          nicolae_pan_sigil_eeng, rand_demon_5, pan_blood_fountain,
          pan_blood_fountain_2, evilmike_mini_pan_corridor, cerebov_grunt,
          pan_blood_fountain_2, rand_demon_9, nicolae_pan_gloorx_vloqian_3,
          evilmike_mini_pan_diamond, grunt_pan_sceptre, uniq_cerebov
Lab:      labyrinth_hidden_loot, labyrinth_skeletal_remains, nicolae_lab_plus,
          labyrinth_lava_lair, lab_fountain
Bazaar:   bazaar_short_row
Sewer:    sewer_co_cracked_pipes
IceCv:    ice_cave_caverns_03
Volcano:  volcano_aerie

Action                   |  1- 3 |  4- 6 |  7- 9 | 10-12 | 13-15 | 16-18 | 19-21 | 22-24 | 25-27 || total
-------------------------+-------+-------+-------+-------+-------+-------+-------+-------+-------++-------
Melee: Mace              |    20 |       |       |       |       |       |       |       |       ||    20
       Unarmed           |    11 |       |       |       |       |       |       |       |       ||    11
       Halberd           |    61 |   157 |   373 |   454 |  1324 |  1157 |  1028 |  1615 |  2007 ||  8176
       Club              |     2 |       |       |       |       |       |       |       |       ||     2
       Glaive            |       |       |       |       |   281 |     6 |       |       |       ||   287
       Bardiche          |       |       |       |       |       |    14 |       |       |   854 ||   868
 Cast: Shock             |    16 |    36 |    63 |    12 |       |       |       |       |       ||   127
       Repel Missiles    |     1 |       |       |     5 |     3 |     3 |     6 |    14 |     9 ||    41
       Static Discharge  |       |       |    11 |     3 |       |       |       |       |       ||    14
       Regeneration      |       |       |       |       |    73 |   168 |   173 |   156 |   490 ||  1060
       Apportation       |       |       |       |       |    14 |    58 |    22 |    15 |   100 ||   209
       Spectral Weapon   |       |       |       |       |       |    44 |    32 |    87 |   227 ||   390
       Conjure Flame     |       |       |       |       |       |     5 |     2 |     1 |       ||     8
       Cure Poison       |       |       |       |       |       |       |       |       |     9 ||     9
Invok: Animate Dead      |       |       |       |    13 |    43 |    55 |    57 |    25 |    32 ||   225
       Drain Life        |       |       |       |    10 |    11 |    20 |    57 |    55 |    27 ||   180
       Recall Undead Sla |       |       |       |       |     9 |    17 |    22 |     2 |     8 ||    58
       Stop Recall       |       |       |       |       |       |     1 |     1 |     2 |     5 ||     9
 Abil: Evoke Teleportati |       |       |       |       |       |       |       |     3 |    12 ||    15
Evoke: Wand              |       |       |     7 |    10 |     8 |    21 |     1 |     2 |    21 ||    70
       Box of beasts     |       |       |       |     4 |       |       |     1 |       |     7 ||    12
       Rod               |       |       |       |     1 |       |     1 |       |       |       ||     2
       Deck              |       |       |       |       |     2 |     4 |     1 |       |       ||     7
       Phantom mirror    |       |       |       |       |       |     1 |       |       |       ||     1
       Fan of gales      |       |       |       |       |       |       |       |       |     2 ||     2
       Lamp of fire      |       |       |       |       |       |       |       |       |     1 ||     1
       Phial of floods   |       |       |       |       |       |       |       |       |     1 ||     1
  Use: Scroll            |     6 |     4 |     4 |    20 |    20 |    21 |     8 |    21 |    40 ||   144
       Potion            |     1 |       |     2 |     3 |     7 |    12 |     3 |     3 |    20 ||    51
 Stab: Sleeping          |       |     1 |       |       |     3 |    10 |     3 |     1 |     2 ||    20
       Confused          |       |       |     2 |     5 |     1 |       |       |       |       ||     8
       Paralysed         |       |       |       |     7 |     4 |     1 |       |       |     1 ||    13
       Distracted        |       |       |       |     7 |    23 |    40 |    64 |    41 |    53 ||   228
       Invisible         |       |       |       |       |       |       |       |       |     4 ||     4
  Eat: Chunk             |     1 |     4 |     9 |    17 |    18 |     9 |    44 |    43 |    22 ||   167
       Pizza             |       |       |       |     1 |     5 |     1 |       |     1 |     4 ||    12
       Royal jelly       |       |       |       |     1 |     1 |     1 |     2 |       |     1 ||     6
       Fruit             |       |       |       |       |    12 |    19 |    13 |     6 |       ||    50
       Beef jerky        |       |       |       |       |    11 |     6 |       |     2 |     4 ||    23
       Meat ration       |       |       |       |       |     2 |     7 |     1 |       |    17 ||    27
       Bread ration      |       |       |       |       |       |     1 |       |       |     3 ||     4
